Workbook
Name _1Excel_BuiltIn_Print_Area_1_1_1: 'Прил 1'!$A$1:$C$31
Name _2Excel_BuiltIn_Print_Area_7_1_1: #REF!
Name _2Excel_BuiltIn_Print_Area_7_1_1: #REF!
Name _Toc105952698: 'Прил 3 '!$A$2
Name _Toc105952698: #REF!
Name Excel_BuiltIn_Print_Area_1: 'Прил 1'!$A$1:$C$31
Name Excel_BuiltIn_Print_Area_1_1: 'Прил 1'!$A$1:$C$31
Name Excel_BuiltIn_Print_Area_2: #REF!
Name Excel_BuiltIn_Print_Area_2: #REF!
Name Excel_BuiltIn_Print_Area_3: #REF!
Name Excel_BuiltIn_Print_Area_3_1: #REF!
Name Excel_BuiltIn_Print_Area_3_1: #REF!
Name Excel_BuiltIn_Print_Area_4: #REF!
Name Excel_BuiltIn_Print_Area_4: #REF!
Name Excel_BuiltIn_Print_Area_5: 'Прил 3 '!$A$1:$I$43
Name Excel_BuiltIn_Print_Area_5: #REF!
Name Excel_BuiltIn_Print_Area_5_1: 'Прил 3 '!$A$1:$I$43
Name Excel_BuiltIn_Print_Area_5_1: #REF!
Name Excel_BuiltIn_Print_Area_6: 'Прил 2'!$A$1:$G$44
Name Excel_BuiltIn_Print_Area_6_1: 'Прил 2'!$A$1:$G$44
Name Excel_BuiltIn_Print_Area_7: #REF!
Name Excel_BuiltIn_Print_Area_7: #REF!
Name Excel_BuiltIn_Print_Area_7_1: #REF!
Name Excel_BuiltIn_Print_Area_7_1: #REF!

Sheet Прил 1
C1: Приложение 1 к решению Совета депутатов Паевского сельского поселения "О бюджете Паевского сельского поселения Кадошкинского муниципального района Республики Мордовия на 2023 год и на плановый период 2024 и 2025 годов"
A2: ДОХОДЫ БЮДЖЕТА ПАЕВСКОГО СЕЛЬСКОГО ПОСЕЛЕНИЯ КАДОШКИНСКОГО МУНИЦИПАЛЬНОГО РАЙОНА РЕСПУБЛИКИ МОРДОВИЯ
C3: (тыс.рублей)
A4: Код бюджетной классификации доходов бюджета | B4: Наименование доходов | C4: Сумма
C5: 2023 год | D5: 2024 год | E5: 2025 год
A6: 1 | B6: 2 | C6: 3 | D6: 4 | E6: 5
B7: ВСЕГО ДОХОДОВ | C7: =SUM(C8+C21) -> 2016.8 | D7: =SUM(D8+D21) -> 1178.98 | E7: =SUM(E8+E21) -> 1209.48
A8: 00010000000000000000 | B8: НАЛОГОВЫЕ И НЕНАЛОГОВЫЕ ДОХОДЫ | C8: =SUM(C9+C12+C14+C16+C19) -> 551.4 | D8: =SUM(D9+D12+D14+D16+D19) -> 561.88 | E8: =SUM(E9+E12+E14+E16+E19) -> 572.68
A9: 00010100000000000000 | B9: НАЛОГИ НА ПРИБЫЛЬ, ДОХОДЫ | C9: =SUM(C10) -> 65.7 | D9: =SUM(D10) -> 71.6 | E9: =SUM(E10) -> 76.64
A10: 00010102000010000110 | B10: Налог на доходы физических лиц | C10: =SUM(C11) -> 65.7 | D10: =SUM(D11) -> 71.6 | E10: =SUM(E11) -> 76.64
A11: 18210102010010000110 | B11: Налог на доходы физических лиц с доходов, источником которых является налоговый агент, за исключением доходов, в отношении которых исчисление и уплата налога осуществляются в соответствии со статьями 227, 2271 и 228 Налогового кодекса Российской Федерации | C11: 65.7 | D11: 71.6 | E11: 76.64
A12: 00010500000000000000 | B12: НАЛОГИ НА СОВОКУПНЫЙ ДОХОД | C12: =SUM(C13) -> 12.1 | D12: =SUM(D13) -> 12.64 | E12: =SUM(E13) -> 13.5
A13: 18210503010010000110 | B13: Единый сельскохозяйственный налог | C13: 12.1 | D13: 12.64 | E13: 13.5
A14: 00010600000000000000 | B14: НАЛОГИ НА ИМУЩЕСТВО | C14: =SUM(C15) -> 77 | D14: =SUM(D15) -> 77 | E14: =SUM(E15) -> 78
A15: 18210601030100000110 | B15: Налог на имущество физических лиц, взимаемый по ставкам, применяемым к объектам налогообложения, расположенным в границах сельских поселений | C15: 77 | D15: 77 | E15: 78
A16: 00010606000000000110 | B16: Земельный налог | C16: =SUM(C17+C18) -> 351.3 | D16: =SUM(D17+D18) -> 353.34 | E16: =SUM(E17+E18) -> 355.34
A17: 18210606033100000110 | B17: Земельный налог с организаций, обладающих земельным участком, расположенным в границах сельских поселений | C17: 123 | D17: 123 | E17: 123
A18: 18210606043100000110 | B18: Земельный налог с физических лиц, обладающих земельным участком, расположенным в границах сельских поселений | C18: 228.3 | D18: 230.34 | E18: 232.34
A19: 00011100000000000000 | B19: ДОХОДЫ ОТ ИСПОЛЬЗОВАНИЯ ИМУЩЕСТВА, НАХОДЯЩЕГОСЯ В ГОСУДАРСТВЕННОЙ И МУНИЦИПАЛЬНОЙ СОБСТВЕННОСТИ | C19: =SUM(C20) -> 45.3 | D19: =SUM(D20) -> 47.3 | E19: =SUM(E20) -> 49.2
A20: 91811105035100000120 | B20: Доходы от сдачи в аренду имущества, находящегося в оперативном управлении органов управления поселений и созданных ими учреждений (за исключением имущества муниципальных бюджетных и автономных учреждений) | C20: 45.3 | D20: 47.3 | E20: 49.2
A21: 00020200000000000000 | B21: БЕЗВОЗМЕЗДНЫЕ ПОСТУПЛЕНИЯ ОТ ДРУГИХ БЮДЖЕТОВ БЮДЖЕТНОЙ СИСТЕМЫ РОССИЙСКОЙ ФЕДЕРАЦИИ | C21: =SUM(C27+C30+C22+C25) -> 1465.4 | D21: =SUM(D27+D30+D22) -> 617.1 | E21: =SUM(E27+E30+E22) -> 636.8
A22: 00020210000000000150 | B22: Дотации бюджетам бюджетной системы Российской Федерации | C22: =C23+C24 -> 454.7 | D22: =D23+D24 -> 88.7 | E22: =E23+E24 -> 88.7
A23: 91820215001100000150 | B23: Дотации бюджетам сельских поселений на выравнивание бюджетной обеспеченности | C23: 73.8 | D23: 88.7 | E23: 88.7
A24: 91820215002100000150 | B24: Дотации бюджетам сельских поселений на поддержку мер по обеспечению сбалансированности бюджетов | C24: 380.9 | D24: 0 | E24: 0
A25: 00020220000000000150 | B25: Субсидии бюджетам бюджетной системы Российской Федерации (межбюджетные субсидии) | C25: =C26 -> 509.3 | D25: =D26 -> 0 | E25: =E26 -> 0
A26: 91820229999100000150 | B26: Прочие субсидии бюджетам сельских поселений | C26: =400+109.3 -> 509.3 | D26: 0 | E26: 0
A27: 00020230000000000150 | B27: Субвенции бюджетам бюджетной системы Российской Федерации | C27: =SUM(C28+C29) -> 109.6 | D27: =SUM(D28+D29) -> 114.7 | E27: =SUM(E28+E29) -> 119
A28: 91820230024100000150 | B28: Субвенции на осуществление государственных полномочий Республики Мордовия по определению перечня должностных лиц, уполномоченных составлять протоколы об административных правонарушениях, предусмотренных Законом Республики Мордовия от 15 июня 2015 года № 38-З "Об административной ответственности на территории Республики Мордовия" | C28: 0.3 | D28: 0.3 | E28: 0.3
A29: 91820235118100000150 | B29: Субвенции бюджетам сельских поселений на осуществление первичного воинского учета на территориях, где отсутствуют военные комиссариаты | C29: 109.3 | D29: 114.4 | E29: 118.7
A30: 00020240000000000150 | B30: Иные межбюджетные трансферты | C30: =SUM(C31) -> 391.8 | D30: =SUM(D31) -> 413.7 | E30: =SUM(E31) -> 429.1
A31: 91820240014100000150 | B31: Межбюджетные трансферты, передаваемые бюджетам сельских поселений из бюджетов муниципальных районов на осуществление части полномочий по решению вопросов местного значения в соответствии с заключенными соглашениями | C31: =361.8+30 -> 391.8 | D31: =383.7+30 -> 413.7 | E31: =399.1+30 -> 429.1

Sheet Прил 2
J1: Приложение 2 к решению Совета депутатов Паевского сельского поселения "О бюджете Паевского сельского поселения Кадошкинского муниципального района Республики Мордовия на 2023 год и на плановый период 2024 и 2025 годов"
A2: ВЕДОМСТВЕННАЯ СТРУКТУРА РАСХОДОВ БЮДЖЕТА ПАЕВСКОГО СЕЛЬСКОГО ПОСЕЛЕНИЯ КАДОШКИНСКОГО МУНИЦИПАЛЬНОГО РАЙОНА РЕСПУБЛИКИ МОРДОВИЯ НА 2023 ГОД И НА ПЛАНОВЫЙ ПЕРИОД 2024 И 2025 ГОДОВ
L3: (тыс. рублей)
A4: Наименование | B4: Адм | C4: Рз | D4: Прз | E4: Цср | I4: Вр | J4: Сумма
J5: 2023 год | K5: 2024 год | L5: 2025 год
A6: 1 | B6: 2 | C6: 3 | D6: 4 | E6: 5 | F6: 6 | G6: 7 | H6: 8 | I6: 9 | J6: 10 | K6: 11 | L6: 12
A7: ВСЕГО | J7: =J8 -> 2072.6772 | K7: =K8 -> 1108.6 | L7: =L8 -> 1115.7
A8: Администрация Паевского сельского поселения Кадошкинского муниципального района Республики Мордовия | B8: 918 | J8: =J9+J58+J73+J88+J109+J116+J67+J123 -> 2072.6772 | K8: =K9+K58+K73+K88+K109+K116+K67+K123 -> 1108.6 | L8: =L9+L58+L73+L88+L109+L116+L67+L123 -> 1115.7
A9: Общегосударственные вопросы | B9: 918 | C9: 01 | J9: =J10+J19+J39+J45 -> 1132.44 | K9: =K10+K19+K39+K45 -> 448.8 | L9: =L10+L19+L39+L45 -> 386.2
A10: Функционирование высшего должностного лица субъекта Российской Федерации и муниципального образования | B10: 918 | C10: 01 | D10: 02 | J10: =J11 -> 404 | K10: =K11 -> 157.5 | L10: =L11 -> 134.3
A11: Обеспечение деятельности администрации | B11: 918 | C11: 01 | D11: 02 | E11: 65 | J11: =J12 -> 404 | K11: =K12 -> 157.5 | L11: =L12 -> 134.3
A12: Высшее должностное лицо | B12: 918 | C12: 01 | D12: 02 | E12: 65 | F12: 1 | J12: =J13+J16 -> 404 | K12: =K13 -> 157.5 | L12: =L13 -> 134.3
A13: Расходы на выплаты по оплате труда высшего должностного лица | B13: 918 | C13: 01 | D13: 02 | E13: 65 | F13: 1 | G13: 00 | H13: 41150 | J13: =J14 -> 254 | K13: =K14 -> 157.5 | L13: =L14 -> 134.3
A14: Расходы на выплаты персоналу в целях обеспечения выполнения функций государственными (муниципальными) органами, казенными учреждениями, органами управления государственными внебюджетными фондами | B14: 918 | C14: 01 | D14: 02 | E14: 65 | F14: 1 | G14: 00 | H14: 41150 | I14: 100 | J14: =J15 -> 254 | K14: =K15 -> 157.5 | L14: =L15 -> 134.3
A15: Расходы на выплаты персоналу государственных (муниципальных) органов | B15: 918 | C15: 01 | D15: 02 | E15: 65 | F15: 1 | G15: 00 | H15: 41150 | I15: 120 | J15: 254 | K15: 157.5 | L15: 134.3
A16: Субсидии на софинансирование расходных обязательств по финансовому обеспечению деятельности органов местного самоуправления и муниципальных учреждений | B16: 918 | C16: 01 | D16: 02 | E16: 65 | F16: 1 | G16: 00 | H16: 44205 | J16: =J17 -> 150 | K16: =K17 -> 0 | L16: =L17 -> 0
A17: Расходы на выплаты персоналу в целях обеспечения выполнения функций государственными (муниципальными) органами, казенными учреждениями, органами управления государственными внебюджетными фондами | B17: 918 | C17: 01 | D17: 02 | E17: 65 | F17: 1 | G17: 00 | H17: 44205 | I17: 100 | J17: =J18 -> 150 | K17: =K18 -> 0 | L17: =L18 -> 0
A18: Расходы на выплаты персоналу государственных (муниципальных) органов | B18: 918 | C18: 01 | D18: 02 | E18: 65 | F18: 1 | G18: 00 | H18: 44205 | I18: 120 | J18: 150 | K18: 0 | L18: 0
A19: Функционирование Правительства Российской Федерации, высших органов исполнительной власти субъектов Российской Федерации, местных администраций | B19: 918 | C19: 01 | D19: 04 | J19: =J20+J34 -> 720.44 | K19: =K20+K34 -> 283.8 | L19: =L20+L34 -> 244.9
A20: Обеспечение деятельности администрации | B20: 918 | C20: 01 | D20: 04 | E20: 65 | J20: =J21 -> 720.14 | K20: =K21 -> 283.5 | L20: =L21 -> 244.6
A21: Непрограммные расходы в рамках обеспечения деятельности администрации | B21: 918 | C21: 01 | D21: 04 | E21: 65 | F21: 2 | J21: =J23+J25+J31 -> 720.14 | K21: =K23+K25 -> 283.5 | L21: =L23+L25 -> 244.6
A22: Расходы на выплаты по оплате труда работников органов местного самоуправления | B22: 918 | C22: 01 | D22: 04 | E22: 65 | F22: 2 | G22: 00 | H22: 41110 | J22: =J23 -> 291.6 | K22: =K23 -> 220.4 | L22: =L23 -> 190.2
A23: Расходы на выплаты персоналу в целях обеспечения выполнения функций государственными (муниципальными) органами, казенными учреждениями, органами управления государственными внебюджетными фондами | B23: 918 | C23: 01 | D23: 04 | E23: 65 | F23: 2 | G23: 00 | H23: 41110 | I23: 100 | J23: =J24 -> 291.6 | K23: =K24 -> 220.4 | L23: =L24 -> 190.2
A24: Расходы на выплаты персоналу государственных (муниципальных) органов | B24: 918 | C24: 01 | D24: 04 | E24: 65 | F24: 2 | G24: 00 | H24: 41110 | I24: 120 | J24: 291.6 | K24: 220.4 | L24: 190.2
A25: Расходы на обеспечение функций органов местного самоуправления | B25: 918 | C25: 01 | D25: 04 | E25: 65 | F25: 2 | G25: 00 | H25: 41120 | J25: =J26+J28 -> 174.5 | K25: =K26+K28 -> 63.1 | L25: =L26+L28 -> 54.4
A26: Закупка товаров, работ и услуг для обеспечения государственных (муниципальных) нужд | B26: 918 | C26: 01 | D26: 04 | E26: 65 | F26: 2 | G26: 00 | H26: 41120 | I26: 200 | J26: =J27 -> 144.5 | K26: =K27 -> 37.3 | L26: =L27 -> 28.6
A27: Иные закупки товаров, работ и услуг для обеспечения государственных (муниципальных) нужд | B27: 918 | C27: 01 | D27: 04 | E27: 65 | F27: 2 | G27: 00 | H27: 41120 | I27: 240 | J27: 144.5 | K27: 37.3 | L27: 28.6
A28: Иные бюджетные ассигнования | B28: 918 | C28: 01 | D28: 04 | E28: 65 | F28: 2 | G28: 00 | H28: 41120 | I28: 800 | J28: =J30+J29 -> 30 | K28: =K30 -> 25.8 | L28: =L30 -> 25.8
A29: Исполнение судебных актов | B29: 918 | C29: 01 | D29: 04 | E29: 65 | F29: 2 | G29: 00 | H29: 41120 | I29: 830 | J29: 1 | K29: 0 | L29: 0 | M29: +1
A30: Уплата налогов, сборов и иных платежей | B30: 918 | C30: 01 | D30: 04 | E30: 65 | F30: 2 | G30: 00 | H30: 41120 | I30: 850 | J30: =30-1 -> 29 | K30: 25.8 | L30: 25.8 | M30: -1
A31: Субсидии на софинансирование расходных обязательств по финансовому обеспечению деятельности органов местного самоуправления и муниципальных учреждений | B31: 918 | C31: 01 | D31: 04 | E31: 65 | F31: 2 | G31: 00 | H31: 44205 | J31: =J32 -> 254.04 | K31: =K32 -> 0 | L31: =L32 -> 0
A32: Расходы на выплаты персоналу в целях обеспечения выполнения функций государственными (муниципальными) органами, казенными учреждениями, органами управления государственными внебюджетными фондами | B32: 918 | C32: 01 | D32: 04 | E32: 65 | F32: 2 | G32: 00 | H32: 44205 | I32: 100 | J32: =J33 -> 254.04 | K32: =K33 -> 0 | L32: =L33 -> 0
A33: Расходы на выплаты персоналу государственных (муниципальных) органов | B33: 918 | C33: 01 | D33: 04 | E33: 65 | F33: 2 | G33: 00 | H33: 44205 | I33: 120 | J33: 254.04 | K33: 0 | L33: 0
A34: Непрограммные расходы главных распорядителей средств бюджета Паевского сельского поселения Кадошкинского муниципального района Республики Мордовия | B34: 918 | C34: 01 | D34: 04 | E34: 89 | J34: =J35 -> 0.3 | K34: =K35 -> 0.3 | L34: =L35 -> 0.3
A35: Непрограммные расходы в рамках обеспечения деятельности главных распорядителей средств бюджета Паевского сельского поселения Кадошкинского муниципального района Республики Мордовия | B35: 918 | C35: 01 | D35: 04 | E35: 89 | F35: 1 | J35: =J36 -> 0.3 | K35: =K36 -> 0.3 | L35: =L36 -> 0.3
A36: Осуществление государственных полномочий Республики Мордовия по определению перечня должностных лиц, уполномоченных составлять протоколы об административных правонарушениях, предусмотренных Законом Республики Мордовия от 15 июня 2015 года № 38-З "Об административной ответственности на территории Республики Мордовия" | B36: 918 | C36: 01 | D36: 04 | E36: 89 | F36: 1 | G36: 00 | H36: 77150 | J36: =J37 -> 0.3 | K36: =K37 -> 0.3 | L36: =L37 -> 0.3
A37: Закупка товаров, работ и услуг для обеспечения государственных (муниципальных) нужд | B37: 918 | C37: 01 | D37: 04 | E37: 89 | F37: 1 | G37: 00 | H37: 77150 | I37: 200 | J37: =J38 -> 0.3 | K37: =K38 -> 0.3 | L37: =L38 -> 0.3
A38: Иные закупки товаров, работ и услуг для обеспечения государственных (муниципальных) нужд | B38: 918 | C38: 01 | D38: 04 | E38: 89 | F38: 1 | G38: 00 | H38: 77150 | I38: 240 | J38: 0.3 | K38: 0.3 | L38: 0.3
A39: Резервные фонды | B39: 918 | C39: 01 | D39: 11 | J39: =J40 -> 5 | K39: =K40 -> 5 | L39: =L40 -> 5
A40: Непрограммные расходы главных распорядителей средств бюджета Паевского сельского поселения Кадошкинского муниципального района Республики Мордовия | B40: 918 | C40: 01 | D40: 11 | E40: 89 | J40: =J41 -> 5 | K40: =K41 -> 5 | L40: =L41 -> 5
A41: Непрограммные расходы в рамках обеспечения деятельности главных распорядителей средств бюджета Паевского сельского поселения Кадошкинского муниципального района Республики Мордовия | B41: 918 | C41: 01 | D41: 11 | E41: 89 | F41: 1 | J41: =J42 -> 5 | K41: =K42 -> 5 | L41: =L42 -> 5
A42: Резервный фонд администрации Паевского сельского поселения Кадошкинского муниципального района Республики Мордовия | B42: 918 | C42: 01 | D42: 11 | E42: 89 | F42: 1 | G42: 00 | H42: 41180 | J42: =J43 -> 5 | K42: =K43 -> 5 | L42: =L43 -> 5
A43: Иные бюджетные ассигнования | B43: 918 | C43: 01 | D43: 11 | E43: 89 | F43: 1 | G43: 00 | H43: 41180 | I43: 800 | J43: =J44 -> 5 | K43: =K44 -> 5 | L43: =L44 -> 5
A44: Резервные средства | B44: 918 | C44: 01 | D44: 11 | E44: 89 | F44: 1 | G44: 00 | H44: 41180 | I44: 870 | J44: 5 | K44: 5 | L44: 5
A45: Другие общегосударственные вопросы | B45: 918 | C45: 01 | D45: 13 | J45: =J46+J54+J50 -> 3 | K45: =K46+K54+K50 -> 2.5 | L45: =L46+L54+L50 -> 2
A46: Муниципальная программа "Противопожарная безопасность на территории Паевского сельского поселения на 2022-2023г.г." | B46: 918 | C46: 01 | D46: 13 | E46: 08 | J46: =J47 -> 0.5 | K46: =K47 -> 0 | L46: =L47 -> 0
A47: Мероприятия по обеспечению пожарной безопасности | B47: 918 | C47: 01 | D47: 13 | E47: 08 | F47: 0 | G47: 00 | H47: 42120 | J47: =J48 -> 0.5 | K47: =K48 -> 0 | L47: =L48 -> 0
A48: Закупка товаров, работ и услуг для обеспечения государственных (муниципальных) нужд | B48: 918 | C48: 01 | D48: 13 | E48: 08 | F48: 0 | G48: 00 | H48: 42120 | I48: 200 | J48: =J49 -> 0.5 | K48: =K49 -> 0 | L48: =L49 -> 0
A49: Иные закупки товаров, работ и услуг для обеспечения государственных (муниципальных) нужд | B49: 918 | C49: 01 | D49: 13 | E49: 08 | F49: 0 | G49: 00 | H49: 42120 | I49: 240 | J49: 0.5 | K49: 0 | L49: 0
A50: Муниципальная программа «Использование и охрана земель на территории Паевского сельского поселения Кадошкинского муниципального района Республики Мордовия на 2023-2025 годы» | B50: 918 | C50: 01 | D50: 13 | E50: 11 | J50: =J51 -> 2 | K50: =K51 -> 2 | L50: =L51 -> 2
A51: Мероприятия, связанные с муниципальным управлением | B51: 918 | C51: 01 | D51: 13 | E51: 11 | F51: 0 | G51: 00 | H51: 41210 | J51: =J52 -> 2 | K51: =K52 -> 2 | L51: =L52 -> 2
A52: Закупка товаров, работ и услуг для обеспечения государственных (муниципальных) нужд | B52: 918 | C52: 01 | D52: 13 | E52: 11 | F52: 0 | G52: 00 | H52: 41210 | I52: 200 | J52: =J53 -> 2 | K52: =K53 -> 2 | L52: =L53 -> 2
A53: Иные закупки товаров, работ и услуг для обеспечения государственных (муниципальных) нужд | B53: 918 | C53: 01 | D53: 13 | E53: 11 | F53: 0 | G53: 00 | H53: 41210 | I53: 240 | J53: 2 | K53: 2 | L53: 2
A54: Антикоррупционная программа Паевского сельского поселения на 2022-2024 годы | B54: 918 | C54: 01 | D54: 13 | E54: 23 | J54: =J55 -> 0.5 | K54: =K55 -> 0.5 | L54: =L55 -> 0
A55: Мероприятия по противодействию и профилактике коррупции | B55: 918 | C55: 01 | D55: 13 | E55: 23 | F55: 0 | G55: 0 | H55: 42380 | J55: =J56 -> 0.5 | K55: =K56 -> 0.5 | L55: =L56 -> 0
A56: Закупка товаров, работ и услуг для обеспечения государственных (муниципальных) нужд | B56: 918 | C56: 01 | D56: 13 | E56: 23 | F56: 0 | G56: 00 | H56: 42380 | I56: 200 | J56: =J57 -> 0.5 | K56: =K57 -> 0.5 | L56: =L57 -> 0
A57: Иные закупки товаров, работ и услуг для обеспечения государственных (муниципальных) нужд | B57: 918 | C57: 01 | D57: 13 | E57: 23 | F57: 0 | G57: 00 | H57: 42380 | I57: 240 | J57: 0.5 | K57: 0.5 | L57: 0
A58: Национальная оборона | B58: 918 | C58: 02 | J58: =J59 -> 109.3 | K58: =K59 -> 114.4 | L58: =L59 -> 118.7
A59: Мобилизационная и вневойсковая подготовка | B59: 918 | C59: 02 | D59: 03 | J59: =J62 -> 109.3 | K59: =K62 -> 114.4 | L59: =L62 -> 118.7
A60: Непрограммные расходы главных распорядителей средств бюджета Паевского сельского поселения Кадошкинского муниципального района Республики Мордовия | B60: 918 | C60: 02 | D60: 03 | E60: 89 | J60: =J61 -> 109.3 | K60: =K61 -> 114.4 | L60: =L61 -> 118.7
A61: Непрограммные расходы в рамках обеспечения деятельности главных распорядителей средств бюджета Паевского сельского поселения Кадошкинского муниципального района Республики Мордовия | B61: 918 | C61: 02 | D61: 03 | E61: 89 | F61: 1 | J61: =J62 -> 109.3 | K61: =K62 -> 114.4 | L61: =L62 -> 118.7
A62: Осуществление государственных полномочий Российской Федерации о первичному воинскому учету на территориях, где отсутствуют военные комиссариаты | B62: 918 | C62: 02 | D62: 03 | E62: 89 | F62: 1 | G62: 00 | H62: 51180 | J62: =J63+J65 -> 109.3 | K62: =K63+K65 -> 114.4 | L62: =L63+L65 -> 118.7
A63: Расходы на выплаты персоналу в целях обеспечения выполнения функций государственными (муниципальными) органами, казенными учреждениями, органами управления государственными внебюджетными фондами | B63: 918 | C63: 02 | D63: 03 | E63: 89 | F63: 1 | G63: 00 | H63: 51180 | I63: 100 | J63: =J64 -> 105.3 | K63: =K64 -> 110.4 | L63: =L64 -> 114.7
A64: Расходы на выплаты персоналу государственных (муниципальных) органов | B64: 918 | C64: 02 | D64: 03 | E64: 89 | F64: 1 | G64: 00 | H64: 51180 | I64: 120 | J64: 105.3 | K64: 110.4 | L64: 114.7
A65: Закупка товаров, работ и услуг для обеспечения государственных (муниципальных) нужд | B65: 918 | C65: 02 | D65: 03 | E65: 89 | F65: 1 | G65: 00 | H65: 51180 | I65: 200 | J65: =J66 -> 4 | K65: =K66 -> 4 | L65: =L66 -> 4
A66: Иные закупки товаров, работ и услуг для обеспечения государственных (муниципальных) нужд | B66: 918 | C66: 02 | D66: 03 | E66: 89 | F66: 1 | G66: 00 | H66: 51180 | I66: 240 | J66: 4 | K66: 4 | L66: 4
A67: Национальная безопасность и правоохранительная деятельность | B67: 918 | C67: 03 | J67: =J68 -> 0.5 | K67: =K68 -> 0.5 | L67: =L68 -> 0
A68: Другие вопросы в области национальной безопасности и правоохранительной деятельности | B68: 918 | C68: 03 | D68: 14 | J68: =J69 -> 0.5 | K68: =K69 -> 0.5 | L68: =L69 -> 0
A69: Целевая программа "Профилактика наркомании и токсикомании на территории Паевского сельского поселения на 2022-2024 годы" | B69: 918 | C69: 03 | D69: 14 | E69: 20 | J69: =J70 -> 0.5 | K69: =K70 -> 0.5 | L69: =L70 -> 0
A70: Мероприятия в области противодействия злоупотреблению наркотиками и их незаконному обороту | B70: 918 | C70: 03 | D70: 14 | E70: 20 | F70: 0 | G70: 00 | H70: 42100 | J70: =J71 -> 0.5 | K70: =K71 -> 0.5 | L70: =L71 -> 0
A71: Закупка товаров, работ и услуг для обеспечения государственных (муниципальных) нужд | B71: 918 | C71: 03 | D71: 14 | E71: 20 | F71: 0 | G71: 00 | H71: 42100 | I71: 200 | J71: =J72 -> 0.5 | K71: =K72 -> 0.5 | L71: =L72 -> 0
A72: Иные закупки товаров, работ и услуг для обеспечения государственных (муниципальных) нужд | B72: 918 | C72: 03 | D72: 14 | E72: 20 | F72: 0 | G72: 00 | H72: 42100 | I72: 240 | J72: 0.5 | K72: 0.5 | L72: 0
A73: Национальная экономика | B73: 918 | C73: 04 | J73: =J74 -> 488.03718 | K73: =K74 -> 383.7 | L73: =L74 -> 399.1
A74: Дорожное хозяйство (дорожные фонды) | B74: 918 | C74: 04 | D74: 09 | J74: =J75+J79+J83 -> 488.03718 | K74: =K75+K79 -> 383.7 | L74: =L75+L79 -> 399.1
A75: Программа «Комплексное развитие транспортной инфраструктуры Паевского сельского поселения Кадошкинского муниципального района Республики Мордовия на 2018 – 2030 годы» | B75: 918 | C75: 04 | D75: 09 | E75: 13 | J75: =J76 -> 295.2 | K75: =K76 -> 306.7 | L75: =L76 -> 300.9
A76: Иные межбюджетные трансферты на осуществление полномочий по дорожной деятельности в отношении автомобильных дорог местного значения в границах населенных пунктов поселения и обеспечению безопасности дорожного движения на них, включая создание и обеспечение функционирования парковок (парковочных мест), осуществлению муниципального контроля за сохранностью автомобильных дорог местного значения в границах населенных пунктов поселения, организации дорожного движения, а также осуществлению иных полномочий в области использования автомобильных дорог и осуществления дорожной деятельности в соответствии с законодательством Российской Федерации | B76: 918 | C76: 04 | D76: 09 | E76: 13 | F76: 0 | G76: 01 | H76: 44102 | J76: =J77 -> 295.2 | K76: =K77 -> 306.7 | L76: =L77 -> 300.9
A77: Закупка товаров, работ и услуг для обеспечения государственных (муниципальных) нужд | B77: 918 | C77: 04 | D77: 09 | E77: 13 | F77: 0 | G77: 01 | H77: 44102 | I77: 200 | J77: =J78 -> 295.2 | K77: =K78 -> 306.7 | L77: =L78 -> 300.9
A78: Иные закупки товаров, работ и услуг для обеспечения государственных (муниципальных) нужд | B78: 918 | C78: 04 | D78: 09 | E78: 13 | F78: 0 | G78: 01 | H78: 44102 | I78: 240 | J78: 295.2 | K78: 306.7 | L78: 300.9
A79: Муниципальная программа «Оформление в собственность автомобильных дорог общего пользования местного значения в границах населенных пунктов на территории Паевского сельского поселения Кадошкинского муниципального района Республики Мордовия в 2023-2025 годах» | B79: 918 | C79: 04 | D79: 09 | E79: 14 | J79: =J80 -> 66.6 | K79: =K80 -> 77 | L79: =L80 -> 98.2
A80: Иные межбюджетные трансферты на осуществление полномочий по дорожной деятельности в отношении автомобильных дорог местного значения в границах населенных пунктов поселения и обеспечению безопасности дорожного движения на них, включая создание и обеспечение функционирования парковок (парковочных мест), осуществлению муниципального контроля за сохранностью автомобильных дорог местного значения в границах населенных пунктов поселения, организации дорожного движения, а также осуществлению иных полномочий в области использования автомобильных дорог и осуществления дорожной деятельности в соответствии с законодательством Российской Федерации | B80: 918 | C80: 04 | D80: 09 | E80: 14 | F80: 0 | G80: 01 | H80: 44102 | J80: =J81 -> 66.6 | K80: =K81 -> 77 | L80: =L81 -> 98.2
A81: Закупка товаров, работ и услуг для обеспечения государственных (муниципальных) нужд | B81: 918 | C81: 04 | D81: 09 | E81: 14 | F81: 0 | G81: 01 | H81: 44102 | I81: 200 | J81: =J82 -> 66.6 | K81: =K82 -> 77 | L81: =L82 -> 98.2
A82: Иные закупки товаров, работ и услуг для обеспечения государственных (муниципальных) нужд | B82: 918 | C82: 04 | D82: 09 | E82: 14 | F82: 0 | G82: 01 | H82: 44102 | I82: 240 | J82: 66.6 | K82: 77 | L82: 98.2
A83: Непрограммные расходы главных распорядителей средств бюджета Паевского сельского поселения Кадошкинского муниципального района Республики Мордовия | B83: 918 | C83: 04 | D83: 09 | E83: 89 | J83: =J84 -> 126.23718 | K83: =K84 -> 0 | L83: =L84 -> 0
A84: Непрограммные расходы в рамках обеспечения деятельности главных распорядителей средств бюджета Паевского сельского поселения Кадошкинского муниципального района Республики Мордовия | B84: 918 | C84: 04 | D84: 09 | E84: 89 | F84: 1 | J84: =J85 -> 126.23718 | K84: =K85 -> 0 | L84: =L85 -> 0
A85: Содержание автомобильных дорог общего пользования местного значения и искусственных сооружений на них за счет средств местного бюджета | B85: 918 | C85: 04 | D85: 09 | E85: 89 | F85: 1 | G85: 00 | H85: 42530 | J85: =J86 -> 126.23718 | K85: =K86 -> 0 | L85: =L86 -> 0
A86: Закупка товаров, работ и услуг для обеспечения государственных (муниципальных) нужд | B86: 918 | C86: 04 | D86: 09 | E86: 89 | F86: 1 | G86: 00 | H86: 42530 | I86: 200 | J86: =J87 -> 126.23718 | K86: =K87 -> 0 | L86: =L87 -> 0
A87: Иные закупки товаров, работ и услуг для обеспечения государственных (муниципальных) нужд | B87: 918 | C87: 04 | D87: 09 | E87: 89 | F87: 1 | G87: 00 | H87: 42530 | I87: 240 | J87: 126.23718 | K87: 0 | L87: 0 | M87: +126,23718
A88: Жилищно-коммунальное хозяйство | B88: 918 | C88: 05 | J88: =J89+J100 -> 215.5 | K88: =K89+K100 -> 34.3 | L88: =L89+L100 -> 84.8
A89: Коммунальное хозяйство | B89: 918 | C89: 05 | D89: 02 | J89: =J90+J95 -> 145 | K89: =K90+K95 -> 30 | L89: =L90+L95 -> 30
A90: Муниципальная программа "Энергосбережение и повышение энергетической эффективности на территории Паевского сельского поселения Кадошкинского муниципального района Республики Мордовия на 2023 – 2025 годы " | B90: 918 | C90: 05 | D90: 02 | E90: 12 | J90: =J91 -> 115 | K90: =K91 -> 0 | L90: =L91 -> 0
A91: Основное мероприятие "Оформление прав собственности на бесхозяйные объекты инженерной инфраструктуры" | B91: 918 | C91: 05 | D91: 02 | E91: 12 | F91: 0 | G91: 01 | J91: =J92 -> 115 | K91: =K92 -> 0 | L91: =L92 -> 0
A92: Оформление прав собственности на бесхозяйные объекты инженерной инфраструктуры | B92: 918 | C92: 05 | D92: 02 | E92: 12 | F92: 0 | G92: 01 | H92: S6140 | J92: =J93 -> 115 | K92: =K93 -> 0 | L92: =L93 -> 0
A93: Закупка товаров, работ и услуг для обеспечения государственных (муниципальных) нужд | B93: 918 | C93: 05 | D93: 02 | E93: 12 | F93: 0 | G93: 01 | H93: S6140 | I93: 200 | J93: =J94 -> 115 | K93: =K94 -> 0 | L93: =L94 -> 0
A94: Иные закупки товаров, работ и услуг для обеспечения государственных (муниципальных) нужд | B94: 918 | C94: 05 | D94: 02 | E94: 12 | F94: 0 | G94: 01 | H94: S6140 | I94: 240 | J94: 115 | K94: 0 | L94: 0
A95: Непрограммные расходы главных распорядителей средств бюджета Паевского сельского поселения Кадошкинского муниципального района Республики Мордовия | B95: 918 | C95: 05 | D95: 02 | E95: 89 | J95: =J96 -> 30 | K95: =K96 -> 30 | L95: =L96 -> 30
A96: Непрограммные расходы в рамках обеспечения деятельности главных распорядителей средств бюджета Паевского сельского поселения Кадошкинского муниципального района Республики Мордовия | B96: 918 | C96: 05 | D96: 02 | E96: 89 | F96: 1 | J96: =J97 -> 30 | K96: =K97 -> 30 | L96: =L97 -> 30
A97: Иные межбюджетные трансферты на осуществление полномочий по организации в границах поселения электро-, тепло-, газо- и водоснабжения населения, водоотведения, снабжения населения топливом в пределах полномочий, установленных законодательством Российской Федерации | B97: 918 | C97: 05 | D97: 02 | E97: 89 | F97: 1 | G97: 00 | H97: 44101 | J97: =J98 -> 30 | K97: =K98 -> 30 | L97: =L98 -> 30
A98: Закупка товаров, работ и услуг для обеспечения государственных (муниципальных) нужд | B98: 918 | C98: 05 | D98: 02 | E98: 89 | F98: 1 | G98: 00 | H98: 44101 | I98: 200 | J98: =J99 -> 30 | K98: =K99 -> 30 | L98: =L99 -> 30
A99: Иные закупки товаров, работ и услуг для обеспечения государственных (муниципальных) нужд | B99: 918 | C99: 05 | D99: 02 | E99: 89 | F99: 1 | G99: 00 | H99: 44101 | I99: 240 | J99: 30 | K99: 30 | L99: 30
A100: Благоустройство | B100: 918 | C100: 05 | D100: 03 | J100: =J101 -> 70.5 | K100: =K101 -> 4.3 | L100: =L101 -> 54.8
...

Sheet Прил 3 
I1: Приложение 3 к решению Совета депутатов Паевского сельского поселения "О бюджете Паевского сельского поселения Кадошкинского муниципального района Республики Мордовия на 2023 год и на плановый период 2024 и 2025 годов"
A2: РАСПРЕДЕЛЕНИЕ БЮДЖЕТНЫХ АССИГНОВАНИЙ БЮДЖЕТА ПАЕВСКОГО СЕЛЬСКОГО ПОСЕЛЕНИЯ КАДОШКИНСКОГО МУНИЦИПАЛЬНОГО РАЙОНА РЕСПУБЛИКИ МОРДОВИЯ ПО РАЗДЕЛАМ, ПОДРАЗДЕЛАМ, ЦЕЛЕВЫМ СТАТЬЯМ (МУНИЦИПАЛЬНЫМ ПРОГРАММАМ И НЕПРОГРАММНЫМ НАПРАВЛЕНИЯМ ДЕЯТЕЛЬНОСТИ), ГРУППАМ И ПОДГРУППАМ ВИДОВ РАСХОДОВ КЛАССИФИКАЦИИ РАСХОДОВ БЮДЖЕТОВ НА 2023 ГОД И НА ПЛАНОВЫЙ ПЕРИОД 2024 И 2025 ГОДОВ
K3: (тыс. рублей)
A4: Наименование | B4: Рз | C4: Прз | D4: Цср | H4: Вр | I4: Сумма
I5: 2023 год | J5: 2024 год | K5: 2025 год
A6: 1 | B6: 2 | C6: 3 | D6: 4 | E6: 5 | F6: 6 | G6: 7 | H6: 8 | I6: 9 | J6: 10 | K6: 11
A7: ВСЕГО | I7: =I8+I57+I72+I87+I108+I115+I66 -> 2072.6772 | J7: =J8+J57+J72+J87+J108+J115+J126+J66 -> 1108.6 | K7: =K8+K57+K72+K87+K108+K115+K126 -> 1115.7
A8: Общегосударственные вопросы | B8: 01 | I8: =I9+I18+I38+I44 -> 1132.44 | J8: =J9+J18+J38+J44 -> 448.8 | K8: =K9+K18+K38+K44 -> 386.2
A9: Функционирование высшего должностного лица субъекта Российской Федерации и муниципального образования | B9: 01 | C9: 02 | I9: =I10 -> 404 | J9: =J10 -> 157.5 | K9: =K10 -> 134.3
A10: Обеспечение деятельности администрации | B10: 01 | C10: 02 | D10: 65 | I10: =I11 -> 404 | J10: =J11 -> 157.5 | K10: =K11 -> 134.3
A11: Высшее должностное лицо | B11: 01 | C11: 02 | D11: 65 | E11: 1 | I11: =I12+I15 -> 404 | J11: =J12 -> 157.5 | K11: =K12 -> 134.3
A12: Расходы на выплаты по оплате труда высшего должностного лица | B12: 01 | C12: 02 | D12: 65 | E12: 1 | F12: 00 | G12: 41150 | I12: =I13 -> 254 | J12: =J13 -> 157.5 | K12: =K13 -> 134.3
A13: Расходы на выплаты персоналу в целях обеспечения выполнения функций государственными (муниципальными) органами, казенными учреждениями, органами управления государственными внебюджетными фондами | B13: 01 | C13: 02 | D13: 65 | E13: 1 | F13: 00 | G13: 41150 | H13: 100 | I13: =I14 -> 254 | J13: =J14 -> 157.5 | K13: =K14 -> 134.3
A14: Расходы на выплаты персоналу государственных (муниципальных) органов | B14: 01 | C14: 02 | D14: 65 | E14: 1 | F14: 00 | G14: 41150 | H14: 120 | I14: ='Прил 2'!J15 -> 254 | J14: ='Прил 2'!K15 -> 157.5 | K14: ='Прил 2'!L15 -> 134.3
A15: Субсидии на софинансирование расходных обязательств по финансовому обеспечению деятельности органов местного самоуправления и муниципальных учреждений | B15: 01 | C15: 02 | D15: 65 | E15: 1 | F15: 00 | G15: 44205 | I15: =I16 -> 150 | J15: =J16 -> 0 | K15: =K16 -> 0
A16: Расходы на выплаты персоналу в целях обеспечения выполнения функций государственными (муниципальными) органами, казенными учреждениями, органами управления государственными внебюджетными фондами | B16: 01 | C16: 02 | D16: 65 | E16: 1 | F16: 00 | G16: 44205 | H16: 100 | I16: =I17 -> 150 | J16: =J17 -> 0 | K16: =K17 -> 0
A17: Расходы на выплаты персоналу государственных (муниципальных) органов | B17: 01 | C17: 02 | D17: 65 | E17: 1 | F17: 00 | G17: 44205 | H17: 120 | I17: ='Прил 2'!J18 -> 150 | J17: ='Прил 2'!K18 -> 0 | K17: ='Прил 2'!L18 -> 0
A18: Функционирование Правительства Российской Федерации, высших органов исполнительной власти субъектов Российской Федерации, местных администраций | B18: 01 | C18: 04 | I18: =I19+I33 -> 720.44 | J18: =J19+J33 -> 283.8 | K18: =K19+K33 -> 244.9
A19: Обеспечение деятельности администрации | B19: 01 | C19: 04 | D19: 65 | I19: =I20 -> 720.14 | J19: =J20 -> 283.5 | K19: =K20 -> 244.6
A20: Непрограммные расходы в рамках обеспечения деятельности администрации | B20: 01 | C20: 04 | D20: 65 | E20: 2 | I20: =I21+I24+I30 -> 720.14 | J20: =J21+J24 -> 283.5 | K20: =K21+K24 -> 244.6
A21: Расходы на выплаты по оплате труда работников органов местного самоуправления | B21: 01 | C21: 04 | D21: 65 | E21: 2 | F21: 00 | G21: 41110 | I21: =I22 -> 291.6 | J21: =J22 -> 220.4 | K21: =K22 -> 190.2
A22: Расходы на выплаты персоналу в целях обеспечения выполнения функций государственными (муниципальными) органами, казенными учреждениями, органами управления государственными внебюджетными фондами | B22: 01 | C22: 04 | D22: 65 | E22: 2 | F22: 00 | G22: 41110 | H22: 100 | I22: =I23 -> 291.6 | J22: =J23 -> 220.4 | K22: =K23 -> 190.2
A23: Расходы на выплаты персоналу государственных (муниципальных) органов | B23: 01 | C23: 04 | D23: 65 | E23: 2 | F23: 00 | G23: 41110 | H23: 120 | I23: ='Прил 2'!J24 -> 291.6 | J23: ='Прил 2'!K24 -> 220.4 | K23: ='Прил 2'!L24 -> 190.2
A24: Расходы на обеспечение функций органов местного самоуправления | B24: 01 | C24: 04 | D24: 65 | E24: 2 | F24: 00 | G24: 41120 | I24: =I25+I27 -> 174.5 | J24: =J25+J27 -> 63.1 | K24: =K25+K27 -> 54.4
A25: Закупка товаров, работ и услуг для обеспечения государственных (муниципальных) нужд | B25: 01 | C25: 04 | D25: 65 | E25: 2 | F25: 00 | G25: 41120 | H25: 200 | I25: =I26 -> 144.5 | J25: =J26 -> 37.3 | K25: =K26 -> 28.6
A26: Иные закупки товаров, работ и услуг для обеспечения государственных (муниципальных) нужд | B26: 01 | C26: 04 | D26: 65 | E26: 2 | F26: 00 | G26: 41120 | H26: 240 | I26: ='Прил 2'!J27 -> 144.5 | J26: ='Прил 2'!K27 -> 37.3 | K26: ='Прил 2'!L27 -> 28.6
A27: Иные бюджетные ассигнования | B27: 01 | C27: 04 | D27: 66 | E27: 2 | F27: 00 | G27: 41120 | H27: 800 | I27: =I29+I28 -> 30 | J27: =J29 -> 25.8 | K27: =K29 -> 25.8
A28: Исполнение судебных актов | B28: 01 | C28: 04 | D28: 65 | E28: 2 | F28: 00 | G28: 41120 | H28: 830 | I28: ='Прил 2'!J29 -> 1 | J28: ='Прил 2'!K29 -> 0 | K28: ='Прил 2'!L29 -> 0
A29: Уплата налогов, сборов и иных платежей | B29: 01 | C29: 04 | D29: 66 | E29: 2 | F29: 00 | G29: 41120 | H29: 850 | I29: ='Прил 2'!J30 -> 29 | J29: ='Прил 2'!K30 -> 25.8 | K29: ='Прил 2'!L30 -> 25.8
A30: Субсидии на софинансирование расходных обязательств по финансовому обеспечению деятельности органов местного самоуправления и муниципальных учреждений | B30: 01 | C30: 04 | D30: 65 | E30: 2 | F30: 00 | G30: 44205 | I30: =I31 -> 254.04 | J30: =J31 -> 0 | K30: =K31 -> 0
A31: Расходы на выплаты персоналу в целях обеспечения выполнения функций государственными (муниципальными) органами, казенными учреждениями, органами управления государственными внебюджетными фондами | B31: 01 | C31: 04 | D31: 65 | E31: 2 | F31: 00 | G31: 44205 | H31: 100 | I31: =I32 -> 254.04 | J31: =J32 -> 0 | K31: =K32 -> 0
A32: Расходы на выплаты персоналу государственных (муниципальных) органов | B32: 01 | C32: 04 | D32: 65 | E32: 2 | F32: 00 | G32: 44205 | H32: 120 | I32: ='Прил 2'!J33 -> 254.04 | J32: ='Прил 2'!K33 -> 0 | K32: ='Прил 2'!L33 -> 0
A33: Непрограммные расходы главных распорядителей средств бюджета Паевского сельского поселения Кадошкинского муниципального района Республики Мордовия | B33: 01 | C33: 04 | D33: 89 | I33: =I34 -> 0.3 | J33: =J34 -> 0.3 | K33: =K34 -> 0.3
A34: Непрограммные расходы в рамках обеспечения деятельности главных распорядителей средств бюджета Паевского сельского поселения Кадошкинского муниципального района Республики Мордовия | B34: 01 | C34: 04 | D34: 89 | E34: 1 | I34: =I35 -> 0.3 | J34: =J35 -> 0.3 | K34: =K35 -> 0.3
A35: Осуществление государственных полномочий Республики Мордовия по определению перечня должностных лиц, уполномоченных составлять протоколы об административных правонарушениях, предусмотренных Законом Республики Мордовия от 15 июня 2015 года № 38-З "Об административной ответственности на территории Республики Мордовия" | B35: 01 | C35: 04 | D35: 89 | E35: 1 | F35: 00 | G35: 77150 | I35: =I36 -> 0.3 | J35: =J36 -> 0.3 | K35: =K36 -> 0.3
A36: Закупка товаров, работ и услуг для обеспечения государственных (муниципальных) нужд | B36: 01 | C36: 04 | D36: 89 | E36: 1 | F36: 00 | G36: 77150 | H36: 200 | I36: =I37 -> 0.3 | J36: =J37 -> 0.3 | K36: =K37 -> 0.3
A37: Иные закупки товаров, работ и услуг для обеспечения государственных (муниципальных) нужд | B37: 01 | C37: 04 | D37: 89 | E37: 1 | F37: 00 | G37: 77150 | H37: 240 | I37: ='Прил 2'!J38 -> 0.3 | J37: ='Прил 2'!K38 -> 0.3 | K37: ='Прил 2'!L38 -> 0.3
A38: Резервные фонды | B38: 01 | C38: 11 | I38: =I39 -> 5 | J38: =J39 -> 5 | K38: =K39 -> 5
A39: Непрограммные расходы главных распорядителей средств бюджета Паевского сельского поселения Кадошкинского муниципального района Республики Мордовия | B39: 01 | C39: 11 | D39: 89 | I39: =I40 -> 5 | J39: =J40 -> 5 | K39: =K40 -> 5
A40: Непрограммные расходы в рамках обеспечения деятельности главных распорядителей средств бюджета Паевского сельского поселения Кадошкинского муниципального района Республики Мордовия | B40: 01 | C40: 11 | D40: 89 | E40: 1 | I40: =I41 -> 5 | J40: =J41 -> 5 | K40: =K41 -> 5
A41: Резервный фонд администрации Паевского сельского поселения Кадошкинского муниципального района Республики Мордовия | B41: 01 | C41: 11 | D41: 89 | E41: 1 | F41: 00 | G41: 41180 | I41: =I42 -> 5 | J41: =J42 -> 5 | K41: =K42 -> 5
A42: Иные бюджетные ассигнования | B42: 01 | C42: 11 | D42: 89 | E42: 1 | F42: 00 | G42: 41180 | H42: 800 | I42: =I43 -> 5 | J42: =J43 -> 5 | K42: =K43 -> 5
A43: Резервные средства | B43: 01 | C43: 11 | D43: 89 | E43: 1 | F43: 00 | G43: 41180 | H43: 870 | I43: ='Прил 2'!J44 -> 5 | J43: ='Прил 2'!K44 -> 5 | K43: ='Прил 2'!L44 -> 5
A44: Другие общегосударственные вопросы | B44: 01 | C44: 13 | I44: =I45+I53+I49 -> 3 | J44: =J45+J53+J49 -> 2.5 | K44: =K45+K53+K49 -> 2
A45: Муниципальная программа "Противопожарная безопасность на территории Паевского сельского поселения на 2022-2023г.г." | B45: 01 | C45: 13 | D45: 08 | I45: =I46 -> 0.5 | J45: =J46 -> 0 | K45: =K46 -> 0
A46: Мероприятия по обеспечению пожарной безопасности | B46: 01 | C46: 13 | D46: 08 | E46: 0 | F46: 00 | G46: 42120 | I46: =I47 -> 0.5 | J46: =J47 -> 0 | K46: =K47 -> 0
A47: Закупка товаров, работ и услуг для обеспечения государственных (муниципальных) нужд | B47: 01 | C47: 13 | D47: 08 | E47: 0 | F47: 00 | G47: 42120 | H47: 200 | I47: =I48 -> 0.5 | J47: =J48 -> 0 | K47: =K48 -> 0
A48: Иные закупки товаров, работ и услуг для обеспечения государственных (муниципальных) нужд | B48: 01 | C48: 13 | D48: 08 | E48: 0 | F48: 00 | G48: 42120 | H48: 240 | I48: ='Прил 2'!J49 -> 0.5 | J48: ='Прил 2'!K49 -> 0 | K48: ='Прил 2'!L49 -> 0
A49: Муниципальная программа «Использование и охрана земель на территории Паевского сельского поселения Кадошкинского муниципального района Республики Мордовия на 2023-2025 годы» | B49: 01 | C49: 13 | D49: 11 | I49: =I50 -> 2 | J49: =J50 -> 2 | K49: =K50 -> 2
A50: Мероприятия, связанные с муниципальным управлением | B50: 01 | C50: 13 | D50: 11 | E50: 0 | F50: 00 | G50: 41210 | I50: =I51 -> 2 | J50: =J51 -> 2 | K50: =K51 -> 2
A51: Закупка товаров, работ и услуг для обеспечения государственных (муниципальных) нужд | B51: 01 | C51: 13 | D51: 11 | E51: 0 | F51: 00 | G51: 41210 | H51: 200 | I51: =I52 -> 2 | J51: =J52 -> 2 | K51: =K52 -> 2
A52: Иные закупки товаров, работ и услуг для обеспечения государственных (муниципальных) нужд | B52: 01 | C52: 13 | D52: 11 | E52: 0 | F52: 00 | G52: 41210 | H52: 240 | I52: ='Прил 2'!J53 -> 2 | J52: ='Прил 2'!K53 -> 2 | K52: ='Прил 2'!L53 -> 2
A53: Антикоррупционная программа Паевского сельского поселения на 2022-2024 годы | B53: 01 | C53: 13 | D53: 23 | I53: =I54 -> 0.5 | J53: =J54 -> 0.5 | K53: =K54 -> 0
A54: Мероприятия по противодействию и профилактике коррупции | B54: 01 | C54: 13 | D54: 23 | E54: 0 | F54: 0 | G54: 42380 | I54: =I55 -> 0.5 | J54: =J55 -> 0.5 | K54: =K55 -> 0
A55: Закупка товаров, работ и услуг для обеспечения государственных (муниципальных) нужд | B55: 01 | C55: 13 | D55: 23 | E55: 0 | F55: 00 | G55: 42380 | H55: 200 | I55: =I56 -> 0.5 | J55: =J56 -> 0.5 | K55: =K56 -> 0
A56: Иные закупки товаров, работ и услуг для обеспечения государственных (муниципальных) нужд | B56: 01 | C56: 13 | D56: 23 | E56: 0 | F56: 00 | G56: 42380 | H56: 240 | I56: ='Прил 2'!J57 -> 0.5 | J56: ='Прил 2'!K57 -> 0.5 | K56: ='Прил 2'!L57 -> 0
A57: Национальная оборона | B57: 02 | I57: =I58 -> 109.3 | J57: =J58 -> 114.4 | K57: =K58 -> 118.7
A58: Мобилизационная и вневойсковая подготовка | B58: 02 | C58: 03 | I58: =I59 -> 109.3 | J58: =J59 -> 114.4 | K58: =K59 -> 118.7
A59: Непрограммные расходы главных распорядителей средств бюджета Паевского сельского поселения Кадошкинского муниципального района Республики Мордовия | B59: 02 | C59: 03 | D59: 89 | I59: =I60 -> 109.3 | J59: =J60 -> 114.4 | K59: =K60 -> 118.7
A60: Непрограммные расходы в рамках обеспечения деятельности главных распорядителей средств бюджета Паевского сельского поселения Кадошкинского муниципального района Республики Мордовия | B60: 02 | C60: 03 | D60: 89 | E60: 1 | I60: =I61 -> 109.3 | J60: =J61 -> 114.4 | K60: =K61 -> 118.7
A61: Осуществление государственных полномочий Российской Федерации о первичному воинскому учету на территориях, где отсутствуют военные комиссариаты | B61: 02 | C61: 03 | D61: 89 | E61: 1 | F61: 00 | G61: 51180 | I61: =I62+I64 -> 109.3 | J61: =J62+J64 -> 114.4 | K61: =K62+K64 -> 118.7
A62: Расходы на выплаты персоналу в целях обеспечения выполнения функций государственными (муниципальными) органами, казенными учреждениями, органами управления государственными внебюджетными фондами | B62: 02 | C62: 03 | D62: 89 | E62: 1 | F62: 00 | G62: 51180 | H62: 100 | I62: =I63 -> 105.3 | J62: =J63 -> 110.4 | K62: =K63 -> 114.7
A63: Расходы на выплаты персоналу государственных (муниципальных) органов | B63: 02 | C63: 03 | D63: 89 | E63: 1 | F63: 00 | G63: 51180 | H63: 120 | I63: ='Прил 2'!J64 -> 105.3 | J63: ='Прил 2'!K64 -> 110.4 | K63: ='Прил 2'!L64 -> 114.7
A64: Закупка товаров, работ и услуг для обеспечения государственных (муниципальных) нужд | B64: 02 | C64: 03 | D64: 89 | E64: 1 | F64: 00 | G64: 51180 | H64: 200 | I64: =I65 -> 4 | J64: =J65 -> 4 | K64: =K65 -> 4
A65: Иные закупки товаров, работ и услуг для обеспечения государственных (муниципальных) нужд | B65: 02 | C65: 03 | D65: 89 | E65: 1 | F65: 00 | G65: 51180 | H65: 240 | I65: ='Прил 2'!J66 -> 4 | J65: ='Прил 2'!K66 -> 4 | K65: ='Прил 2'!L66 -> 4
A66: Национальная безопасность и правоохранительная деятельность | B66: 03 | I66: =I67 -> 0.5 | J66: =J67 -> 0.5 | K66: =K67 -> 0
A67: Другие вопросы в области национальной безопасности и правоохранительной деятельности | B67: 03 | C67: 14 | I67: =I68 -> 0.5 | J67: =J68 -> 0.5 | K67: =K68 -> 0
A68: Целевая программа "Профилактика наркомании и токсикомании на территории Паевского сельского поселения на 2022-2024 годы" | B68: 03 | C68: 14 | D68: 20 | I68: =I69 -> 0.5 | J68: =J69 -> 0.5 | K68: =K69 -> 0
A69: Мероприятия в области противодействия злоупотреблению наркотиками и их незаконному обороту | B69: 03 | C69: 14 | D69: 20 | E69: 0 | F69: 00 | G69: 42100 | I69: =I70 -> 0.5 | J69: =J70 -> 0.5 | K69: =K70 -> 0
A70: Закупка товаров, работ и услуг для обеспечения государственных (муниципальных) нужд | B70: 03 | C70: 14 | D70: 20 | E70: 0 | F70: 00 | G70: 42100 | H70: 200 | I70: =I71 -> 0.5 | J70: =J71 -> 0.5 | K70: =K71 -> 0
A71: Иные закупки товаров, работ и услуг для обеспечения государственных (муниципальных) нужд | B71: 03 | C71: 14 | D71: 20 | E71: 0 | F71: 00 | G71: 42100 | H71: 240 | I71: ='Прил 2'!J72 -> 0.5 | J71: ='Прил 2'!K72 -> 0.5 | K71: ='Прил 2'!L72 -> 0
A72: Национальная экономика | B72: 04 | I72: =I73 -> 488.03718 | J72: =J73 -> 383.7 | K72: =K73 -> 399.1
A73: Дорожное хозяйство (дорожные фонды) | B73: 04 | C73: 09 | I73: =I74+I78+I82 -> 488.03718 | J73: =J74+J78 -> 383.7 | K73: =K74+K78 -> 399.1
A74: Программа «Комплексное развитие транспортной инфраструктуры Паевского сельского поселения Кадошкинского муниципального района Республики Мордовия на 2018 – 2030 годы» | B74: 04 | C74: 09 | D74: 13 | I74: =I75 -> 295.2 | J74: =J76 -> 306.7 | K74: =K76 -> 300.9
A75: Иные межбюджетные трансферты на осуществление полномочий по дорожной деятельности в отношении автомобильных дорог местного значения в границах населенных пунктов поселения и обеспечению безопасности дорожного движения на них, включая создание и обеспечение функционирования парковок (парковочных мест), осуществлению муниципального контроля за сохранностью автомобильных дорог местного значения в границах населенных пунктов поселения, организации дорожного движения, а также осуществлению иных полномочий в области использования автомобильных дорог и осуществления дорожной деятельности в соответствии с законодательством Российской Федерации | B75: 04 | C75: 09 | D75: 13 | E75: 0 | F75: 01 | G75: 44102 | I75: =I76 -> 295.2 | J75: =J76 -> 306.7 | K75: =K76 -> 300.9
A76: Закупка товаров, работ и услуг для обеспечения государственных (муниципальных) нужд | B76: 04 | C76: 09 | D76: 13 | E76: 0 | F76: 01 | G76: 44102 | H76: 200 | I76: =I77 -> 295.2 | J76: =J77 -> 306.7 | K76: =K77 -> 300.9
A77: Иные закупки товаров, работ и услуг для обеспечения государственных (муниципальных) нужд | B77: 04 | C77: 09 | D77: 13 | E77: 0 | F77: 01 | G77: 44102 | H77: 240 | I77: ='Прил 2'!J78 -> 295.2 | J77: ='Прил 2'!K78 -> 306.7 | K77: ='Прил 2'!L78 -> 300.9
A78: Муниципальная программа «Оформление в собственность автомобильных дорог общего пользования местного значения в границах населенных пунктов на территории Паевского сельского поселения Кадошкинского муниципального района Республики Мордовия в 2023-2025 годах» | B78: 04 | C78: 09 | D78: 14 | I78: =I79 -> 66.6 | J78: =J79 -> 77 | K78: =K79 -> 98.2
A79: Иные межбюджетные трансферты на осуществление полномочий по дорожной деятельности в отношении автомобильных дорог местного значения в границах населенных пунктов поселения и обеспечению безопасности дорожного движения на них, включая создание и обеспечение функционирования парковок (парковочных мест), осуществлению муниципального контроля за сохранностью автомобильных дорог местного значения в границах населенных пунктов поселения, организации дорожного движения, а также осуществлению иных полномочий в области использования автомобильных дорог и осуществления дорожной деятельности в соответствии с законодательством Российской Федерации | B79: 04 | C79: 09 | D79: 14 | E79: 0 | F79: 01 | G79: 44102 | I79: =I80 -> 66.6 | J79: =J80 -> 77 | K79: =K80 -> 98.2
A80: Закупка товаров, работ и услуг для обеспечения государственных (муниципальных) нужд | B80: 04 | C80: 09 | D80: 14 | E80: 0 | F80: 01 | G80: 44102 | H80: 200 | I80: =I81 -> 66.6 | J80: =J81 -> 77 | K80: =K81 -> 98.2
A81: Иные закупки товаров, работ и услуг для обеспечения государственных (муниципальных) нужд | B81: 04 | C81: 09 | D81: 14 | E81: 0 | F81: 01 | G81: 44102 | H81: 240 | I81: ='Прил 2'!J82 -> 66.6 | J81: ='Прил 2'!K82 -> 77 | K81: ='Прил 2'!L82 -> 98.2
A82: Непрограммные расходы главных распорядителей средств бюджета Паевского сельского поселения Кадошкинского муниципального района Республики Мордовия | B82: 04 | C82: 09 | D82: 89 | I82: =I83 -> 126.23718 | J82: =J83 -> 0 | K82: =K83 -> 0
A83: Непрограммные расходы в рамках обеспечения деятельности главных распорядителей средств бюджета Паевского сельского поселения Кадошкинского муниципального района Республики Мордовия | B83: 04 | C83: 09 | D83: 89 | E83: 1 | I83: =I84 -> 126.23718 | J83: =J84 -> 0 | K83: =K84 -> 0
A84: Содержание автомобильных дорог общего пользования местного значения и искусственных сооружений на них за счет средств местного бюджета | B84: 04 | C84: 09 | D84: 89 | E84: 1 | F84: 00 | G84: 42530 | I84: =I85 -> 126.23718 | J84: =J85 -> 0 | K84: =K85 -> 0
A85: Закупка товаров, работ и услуг для обеспечения государственных (муниципальных) нужд | B85: 04 | C85: 09 | D85: 89 | E85: 1 | F85: 00 | G85: 42530 | H85: 200 | I85: =I86 -> 126.23718 | J85: =J86 -> 0 | K85: =K86 -> 0
A86: Иные закупки товаров, работ и услуг для обеспечения государственных (муниципальных) нужд | B86: 04 | C86: 09 | D86: 89 | E86: 1 | F86: 00 | G86: 42530 | H86: 240 | I86: ='Прил 2'!J87 -> 126.23718 | J86: ='Прил 2'!K87 -> 0 | K86: ='Прил 2'!L87 -> 0
A87: Жилищно-коммунальное хозяйство | B87: 05 | I87: =I88+I99 -> 215.5 | J87: =J88+J99 -> 34.3 | K87: =K88+K99 -> 84.8
A88: Коммунальное хозяйство | B88: 05 | C88: 02 | I88: =I89+I94 -> 145 | J88: =J89+J94 -> 30 | K88: =K89+K94 -> 30
A89: Муниципальная программа "Энергосбережение и повышение энергетической эффективности на территории Паевского сельского поселения Кадошкинского муниципального района Республики Мордовия на 2023 – 2025 годы " | B89: 05 | C89: 02 | D89: 12 | I89: =I90 -> 115 | J89: =J90 -> 0 | K89: =K90 -> 0
A90: Основное мероприятие "Оформление прав собственности на бесхозяйные объекты инженерной инфраструктуры" | B90: 05 | C90: 02 | D90: 12 | E90: 0 | F90: 01 | I90: =I91 -> 115 | J90: =J91 -> 0 | K90: =K91 -> 0
A91: Оформление прав собственности на бесхозяйные объекты инженерной инфраструктуры | B91: 05 | C91: 02 | D91: 12 | E91: 0 | F91: 01 | G91: S6140 | I91: =I92 -> 115 | J91: =J92 -> 0 | K91: =K92 -> 0
A92: Закупка товаров, работ и услуг для обеспечения государственных (муниципальных) нужд | B92: 05 | C92: 02 | D92: 12 | E92: 0 | F92: 01 | G92: S6140 | H92: 200 | I92: =I93 -> 115 | J92: =J93 -> 0 | K92: =K93 -> 0
A93: Иные закупки товаров, работ и услуг для обеспечения государственных (муниципальных) нужд | B93: 05 | C93: 02 | D93: 12 | E93: 0 | F93: 01 | G93: S6140 | H93: 240 | I93: ='Прил 2'!J94 -> 115 | J93: ='Прил 2'!K94 -> 0 | K93: ='Прил 2'!L94 -> 0
A94: Непрограммные расходы главных распорядителей средств бюджета Паевского сельского поселения Кадошкинского муниципального района Республики Мордовия | B94: 918 | C94: 05 | D94: 02 | E94: 89 | F94: 0 | I94: =I95 -> 30 | J94: =J95 -> 30 | K94: =K95 -> 30
A95: Непрограммные расходы в рамках обеспечения деятельности главных распорядителей средств бюджета Паевского сельского поселения Кадошкинского муниципального района Республики Мордовия | B95: 918 | C95: 05 | D95: 02 | E95: 89 | F95: 1 | I95: =I96 -> 30 | J95: =J96 -> 30 | K95: =K96 -> 30
A96: Иные межбюджетные трансферты на осуществление полномочий по организации в границах поселения электро-, тепло-, газо- и водоснабжения населения, водоотведения, снабжения населения топливом в пределах полномочий, установленных законодательством Российской Федерации | B96: 05 | C96: 02 | D96: 89 | E96: 1 | F96: 00 | G96: 44101 | I96: =I97 -> 30 | J96: =J97 -> 30 | K96: =K97 -> 30
A97: Закупка товаров, работ и услуг для обеспечения государственных (муниципальных) нужд | B97: 05 | C97: 02 | D97: 89 | E97: 1 | F97: 00 | G97: 44101 | H97: 200 | I97: =I98 -> 30 | J97: =J98 -> 30 | K97: =K98 -> 30
A98: Иные закупки товаров, работ и услуг для обеспечения государственных (муниципальных) нужд | B98: 05 | C98: 02 | D98: 89 | E98: 1 | F98: 00 | G98: 44101 | H98: 240 | I98: ='Прил 2'!J99 -> 30 | J98: ='Прил 2'!K99 -> 30 | K98: ='Прил 2'!L99 -> 30
A99: Благоустройство | B99: 05 | C99: 03 | I99: =I100 -> 70.5 | J99: =J100 -> 4.3 | K99: =K100 -> 54.8
A100: Непрограммные расходы главных распорядителей средств бюджета Паевского сельского поселения Кадошкинского муниципального района Республики Мордовия | B100: 05 | C100: 03 | D100: 89 | E100: 0 | I100: =I101 -> 70.5 | J100: =J101 -> 4.3 | K100: =K101 -> 54.8
...

Sheet Прил 4
J1: Приложение 4 к решению Совета депутатов Паевского сельского поселения "О бюджете Паевского сельского поселения Кадошкинского муниципального района Республики Мордовия на 2023 год и на плановый период 2024 и 2025 годов"
A2: РАСПРЕДЕЛЕНИЕ БЮДЖЕТНЫХ АССИГНОВАНИЙ БЮДЖЕТА ПАЕВСКОГО СЕЛЬСКОГО ПОСЕЛЕНИЯ КАДОШКИНСКОГО МУНИЦИПАЛЬНОГО РАЙОНА РЕСПУБЛИКИ МОРДОВИЯ ПО ЦЕЛЕВЫМ СТАТЬЯМ (МУНИЦИПАЛЬНЫМ ПРОГРАММАМ И НЕПРОГРАММНЫМ НАПРАВЛЕНИЯМ ДЕЯТЕЛЬНОСТИ), ГРУППАМ И ПОДГРУППАМ ВИДОВ РАСХОДОВ, РАЗДЕЛАМ И ПОДРАЗДЕЛАМ КЛАССИФИКАЦИИ РАСХОДОВ БЮДЖЕТОВ НА 2023 ГОД НА ПЛАНОВЫЙ ПЕРИОД 2024 И 2025 ГОДОВ
L3: (тыс. рублей)
A4: Наименование | B4: Цср | F4: ВР | G4: Рз | H4: Прз | I4: Адм | J4: Сумма
J5: 2023 год | K5: 2024 год | L5: 2025 год
A6: 1 | B6: 2 | C6: 3 | D6: 4 | E6: 5 | F6: 6 | G6: 7 | H6: 8 | I6: 9 | J6: 10 | K6: 11 | L6: 12
A7: ВСЕГО | J7: =J58+J100+J22+J8+J44+J51+J15+J30+J37 -> 2072.6772 | K7: =K58+K100+K22+K8+K44+K51+K15+K30+K37 -> 1108.6 | L7: =L58+L100+L22+L8+L44+L51+L15+L30+L37 -> 1115.7
A8: Муниципальная программа "Противопожарная безопасность на территории Паевского сельского поселения на 2022-2023г.г." | B8: 08 | J8: =J9 -> 0.5 | K8: =K9 -> 0 | L8: =L9 -> 0
A9: Мероприятия по обеспечению пожарной безопасности | B9: 08 | C9: 0 | D9: 00 | E9: 42120 | J9: =J10 -> 0.5 | K9: =K10 -> 0 | L9: =L10 -> 0
A10: Закупка товаров, работ и услуг для обеспечения государственных (муниципальных) нужд | B10: 08 | C10: 0 | D10: 00 | E10: 42120 | F10: 200 | J10: =J11 -> 0.5 | K10: =K11 -> 0 | L10: =L11 -> 0
A11: Иные закупки товаров, работ и услуг для обеспечения государственных (муниципальных) нужд | B11: 08 | C11: 0 | D11: 00 | E11: 42120 | F11: 240 | J11: =J12 -> 0.5 | K11: =K12 -> 0 | L11: =L12 -> 0
A12: Общегосударственные вопросы | B12: 08 | C12: 0 | D12: 00 | E12: 42120 | F12: 240 | G12: 01 | J12: =J13 -> 0.5 | K12: =K13 -> 0 | L12: =L13 -> 0
A13: Другие общегосударственные вопросы | B13: 08 | C13: 0 | D13: 00 | E13: 42120 | F13: 240 | G13: 01 | H13: 13 | J13: =J14 -> 0.5 | K13: =K14 -> 0 | L13: =L14 -> 0
A14: Администрация Паевского сельского поселения Кадошкинского муниципального района Республики Мордовия | B14: 08 | C14: 0 | D14: 00 | E14: 42120 | F14: 240 | G14: 01 | H14: 13 | I14: 918 | J14: ='Прил 2'!J49 -> 0.5 | K14: ='Прил 2'!K49 -> 0 | L14: ='Прил 2'!L49 -> 0
A15: Муниципальная программа «Использование и охрана земель на территории Паевского сельского поселения Кадошкинского муниципального района Республики Мордовия на 2023-2025 годы» | B15: 11 | J15: =J16 -> 2 | K15: =K16 -> 2 | L15: =L16 -> 2
A16: Мероприятия, связанные с муниципальным управлением | B16: 11 | C16: 0 | D16: 00 | E16: 41210 | J16: =J17 -> 2 | K16: =K17 -> 2 | L16: =L17 -> 2
A17: Закупка товаров, работ и услуг для обеспечения государственных (муниципальных) нужд | B17: 11 | C17: 0 | D17: 00 | E17: 41210 | F17: 200 | J17: =J18 -> 2 | K17: =K18 -> 2 | L17: =L18 -> 2
A18: Иные закупки товаров, работ и услуг для обеспечения государственных (муниципальных) нужд | B18: 11 | C18: 0 | D18: 00 | E18: 41210 | F18: 240 | J18: =J19 -> 2 | K18: =K19 -> 2 | L18: =L19 -> 2
A19: Общегосударственные вопросы | B19: 11 | C19: 0 | D19: 00 | E19: 41210 | F19: 240 | G19: 01 | J19: =J20 -> 2 | K19: =K20 -> 2 | L19: =L20 -> 2
A20: Другие общегосударственные вопросы | B20: 11 | C20: 0 | D20: 00 | E20: 41210 | F20: 240 | G20: 01 | H20: 13 | J20: =J21 -> 2 | K20: =K21 -> 2 | L20: =L21 -> 2
A21: Администрация Паевского сельского поселения Кадошкинского муниципального района Республики Мордовия | B21: 11 | C21: 0 | D21: 00 | E21: 41210 | F21: 240 | G21: 01 | H21: 13 | I21: 918 | J21: ='Прил 2'!J50 -> 2 | K21: ='Прил 2'!K50 -> 2 | L21: ='Прил 2'!L50 -> 2
A22: Муниципальная программа "Энергосбережение и повышение энергетической эффективности на территории Паевского сельского поселения Кадошкинского муниципального района Республики Мордовия на 2023 – 2025 годы " | B22: 12 | J22: =J23 -> 115 | K22: =K23 -> 0 | L22: =L23 -> 0
A23: Основное мероприятие "Оформление прав собственности на бесхозяйные объекты инженерной инфраструктуры" | B23: 12 | C23: 0 | D23: 01 | J23: =J24 -> 115 | K23: =K24 -> 0 | L23: =L24 -> 0
A24: Оформление прав собственности на бесхозяйные объекты инженерной инфраструктуры | B24: 12 | C24: 0 | D24: 01 | E24: S6140 | J24: =J25 -> 115 | K24: =K25 -> 0 | L24: =L25 -> 0
A25: Закупка товаров, работ и услуг для обеспечения государственных (муниципальных) нужд | B25: 12 | C25: 0 | D25: 01 | E25: S6140 | F25: 200 | J25: =J26 -> 115 | K25: =K26 -> 0 | L25: =L26 -> 0
A26: Иные закупки товаров, работ и услуг для обеспечения государственных (муниципальных) нужд | B26: 12 | C26: 0 | D26: 01 | E26: S6140 | F26: 240 | J26: =J27 -> 115 | K26: =K27 -> 0 | L26: =L27 -> 0
A27: Жилищно-коммунальное хозяйство | B27: 12 | C27: 0 | D27: 01 | E27: S6140 | F27: 240 | G27: 05 | J27: =J28 -> 115 | K27: =K28 -> 0 | L27: =L28 -> 0
A28: Коммунальное хозяйство | B28: 12 | C28: 0 | D28: 01 | E28: S6140 | F28: 240 | G28: 05 | H28: 02 | J28: =J29 -> 115 | K28: =K29 -> 0 | L28: =L29 -> 0
A29: Администрация Паевского сельского поселения Кадошкинского муниципального района Республики Мордовия | B29: 12 | C29: 0 | D29: 01 | E29: S6140 | F29: 240 | G29: 05 | H29: 02 | I29: 918 | J29: ='Прил 2'!J94 -> 115 | K29: ='Прил 2'!K94 -> 0 | L29: ='Прил 2'!L94 -> 0
A30: Программа «Комплексное развитие транспортной инфраструктуры Паевского сельского поселения Кадошкинского муниципального района Республики Мордовия на 2018 – 2030 годы» | B30: 13 | J30: =J31 -> 295.2 | K30: =K31 -> 306.7 | L30: =L31 -> 300.9
A31: Иные межбюджетные трансферты на осуществление полномочий по дорожной деятельности в отношении автомобильных дорог местного значения в границах населенных пунктов поселения и обеспечению безопасности дорожного движения на них, включая создание и обеспечение функционирования парковок (парковочных мест), осуществлению муниципального контроля за сохранностью автомобильных дорог местного значения в границах населенных пунктов поселения, организации дорожного движения, а также осуществлению иных полномочий в области использования автомобильных дорог и осуществления дорожной деятельности в соответствии с законодательством Российской Федерации | B31: 13 | C31: 0 | D31: 01 | E31: 44102 | J31: =J32 -> 295.2 | K31: =K32 -> 306.7 | L31: =L32 -> 300.9
A32: Иные закупки товаров, работ и услуг для обеспечения государственных (муниципальных) нужд | B32: 13 | C32: 0 | D32: 01 | E32: 44102 | F32: 200 | J32: =J33 -> 295.2 | K32: =K33 -> 306.7 | L32: =L33 -> 300.9
A33: Прочая закупка товаров, работ и услуг | B33: 13 | C33: 0 | D33: 01 | E33: 44102 | F33: 240 | J33: =J34 -> 295.2 | K33: =K34 -> 306.7 | L33: =L34 -> 300.9
A34: Национальная экономика | B34: 13 | C34: 0 | D34: 01 | E34: 44102 | F34: 240 | G34: 04 | J34: =J35 -> 295.2 | K34: =K35 -> 306.7 | L34: =L35 -> 300.9
A35: Дорожное хозяйство (дорожные фонды) | B35: 13 | C35: 0 | D35: 01 | E35: 44102 | F35: 240 | G35: 04 | H35: 09 | J35: =J36 -> 295.2 | K35: =K36 -> 306.7 | L35: =L36 -> 300.9
A36: Администрация Паевского сельского поселения Кадошкинского муниципального района Республики Мордовия | B36: 13 | C36: 0 | D36: 01 | E36: 44102 | F36: 240 | G36: 04 | H36: 09 | I36: 918 | J36: ='Прил 2'!J78 -> 295.2 | K36: ='Прил 2'!K78 -> 306.7 | L36: ='Прил 2'!L78 -> 300.9
A37: Муниципальная программа «Оформление в собственность автомобильных дорог общего пользования местного значения в границах населенных пунктов на территории Паевского сельского поселения Кадошкинского муниципального района Республики Мордовия в 2023-2025 годах» | B37: 14 | J37: =J38 -> 66.6 | K37: =K38 -> 77 | L37: =L38 -> 98.2
A38: Иные межбюджетные трансферты на осуществление полномочий по дорожной деятельности в отношении автомобильных дорог местного значения в границах населенных пунктов поселения и обеспечению безопасности дорожного движения на них, включая создание и обеспечение функционирования парковок (парковочных мест), осуществлению муниципального контроля за сохранностью автомобильных дорог местного значения в границах населенных пунктов поселения, организации дорожного движения, а также осуществлению иных полномочий в области использования автомобильных дорог и осуществления дорожной деятельности в соответствии с законодательством Российской Федерации | B38: 14 | C38: 0 | D38: 01 | E38: 44102 | J38: =J39 -> 66.6 | K38: =K39 -> 77 | L38: =L39 -> 98.2
A39: Закупка товаров, работ и услуг для обеспечения государственных (муниципальных) нужд | B39: 14 | C39: 0 | D39: 01 | E39: 44102 | F39: 200 | J39: =J40 -> 66.6 | K39: =K40 -> 77 | L39: =L40 -> 98.2
A40: Иные закупки товаров, работ и услуг для обеспечения государственных (муниципальных) нужд | B40: 14 | C40: 0 | D40: 01 | E40: 44102 | F40: 240 | J40: =J41 -> 66.6 | K40: =K41 -> 77 | L40: =L41 -> 98.2
A41: Национальная экономика | B41: 14 | C41: 0 | D41: 01 | E41: 44102 | F41: 240 | G41: 04 | J41: =J42 -> 66.6 | K41: =K42 -> 77 | L41: =L42 -> 98.2
A42: Дорожное хозяйство (дорожные фонды) | B42: 14 | C42: 0 | D42: 01 | E42: 44102 | F42: 240 | G42: 04 | H42: 09 | J42: =J43 -> 66.6 | K42: =K43 -> 77 | L42: =L43 -> 98.2
A43: Администрация Паевского сельского поселения Кадошкинского муниципального района Республики Мордовия | B43: 14 | C43: 0 | D43: 01 | E43: 44102 | F43: 240 | G43: 04 | H43: 09 | I43: 918 | J43: ='Прил 2'!J79 -> 66.6 | K43: ='Прил 2'!K79 -> 77 | L43: ='Прил 2'!L79 -> 98.2
A44: Целевая программа "Профилактика наркомании и токсикомании на территории Паевского сельского поселения на 2022-2024 годы" | B44: 20 | J44: =J45 -> 0.5 | K44: =K45 -> 0.5 | L44: =L45 -> 0
A45: Мероприятия в области противодействия злоупотреблению наркотиками и их незаконному обороту | B45: 20 | C45: 0 | D45: 00 | E45: 42100 | J45: =J46 -> 0.5 | K45: =K46 -> 0.5 | L45: =L46 -> 0
A46: Закупка товаров, работ и услуг для обеспечения государственных (муниципальных) нужд | B46: 20 | C46: 0 | D46: 00 | E46: 42100 | F46: 200 | J46: =J47 -> 0.5 | K46: =K47 -> 0.5 | L46: =L47 -> 0
A47: Иные закупки товаров, работ и услуг для обеспечения государственных (муниципальных) нужд | B47: 20 | C47: 0 | D47: 00 | E47: 42100 | F47: 240 | J47: =J48 -> 0.5 | K47: =K48 -> 0.5 | L47: =L48 -> 0
A48: Национальная безопасность и правоохранительная деятельность | B48: 20 | C48: 0 | D48: 00 | E48: 42100 | F48: 240 | G48: 03 | J48: =J49 -> 0.5 | K48: =K49 -> 0.5 | L48: =L49 -> 0
A49: Другие вопросы в области национальной безопасности и правоохранительной деятельности | B49: 20 | C49: 0 | D49: 00 | E49: 42100 | F49: 240 | G49: 03 | H49: 14 | J49: =J50 -> 0.5 | K49: =K50 -> 0.5 | L49: =L50 -> 0
A50: Администрация Паевского сельского поселения Кадошкинского муниципального района Республики Мордовия | B50: 20 | C50: 0 | D50: 00 | E50: 42100 | F50: 240 | G50: 03 | H50: 14 | I50: 918 | J50: ='Прил 2'!J72 -> 0.5 | K50: ='Прил 2'!K72 -> 0.5 | L50: ='Прил 2'!L72 -> 0
A51: Антикоррупционная программа Паевского сельского поселения на 2022-2024 годы | B51: 23 | J51: =J52 -> 0.5 | K51: =K52 -> 0.5 | L51: =L52 -> 0
A52: Мероприятия по противодействию и профилактике коррупции | B52: 23 | C52: 0 | D52: 0 | E52: 42380 | J52: =J53 -> 0.5 | K52: =K53 -> 0.5 | L52: =L53 -> 0
A53: Закупка товаров, работ и услуг для обеспечения государственных (муниципальных) нужд | B53: 23 | C53: 0 | D53: 00 | E53: 42380 | F53: 200 | J53: =J54 -> 0.5 | K53: =K54 -> 0.5 | L53: =L54 -> 0
A54: Иные закупки товаров, работ и услуг для обеспечения государственных (муниципальных) нужд | B54: 23 | C54: 0 | D54: 00 | E54: 42380 | F54: 240 | J54: =J55 -> 0.5 | K54: =K55 -> 0.5 | L54: =L55 -> 0
A55: Общегосударственные вопросы | B55: 23 | C55: 0 | D55: 00 | E55: 42380 | F55: 240 | G55: 01 | J55: =J56 -> 0.5 | K55: =K56 -> 0.5 | L55: =L56 -> 0
A56: Другие общегосударственные вопросы | B56: 23 | C56: 0 | D56: 00 | E56: 42380 | F56: 240 | G56: 01 | H56: 13 | J56: =J57 -> 0.5 | K56: =K57 -> 0.5 | L56: =L57 -> 0
A57: Администрация Паевского сельского поселения Кадошкинского муниципального района Республики Мордовия | B57: 23 | C57: 0 | D57: 00 | E57: 42380 | F57: 240 | G57: 01 | H57: 13 | I57: 918 | J57: ='Прил 2'!J57 -> 0.5 | K57: ='Прил 2'!K57 -> 0.5 | L57: ='Прил 2'!L57 -> 0
A58: Обеспечение деятельности администрации | B58: 65 | J58: =J59+J72 -> 1124.14 | K58: =K59+K72 -> 441 | L58: =L59+L72 -> 378.9
A59: Высшее должностное лицо | B59: 65 | C59: 1 | J59: =J60+J66 -> 404 | K59: =K60 -> 157.5 | L59: =L60 -> 134.3
A60: Расходы на выплаты по оплате труда высшего должностного лица муниципального образования | B60: 65 | C60: 1 | D60: 00 | E60: 41150 | J60: =J63 -> 254 | K60: =K63 -> 157.5 | L60: =L63 -> 134.3
A61: Расходы на выплаты персоналу в целях обеспечения выполнения функций государственными (муниципальными) органами, казенными учреждениями, органами управления государственными внебюджетными фондами | B61: 65 | C61: 1 | D61: 00 | E61: 41150 | F61: 100 | J61: =J62 -> 254 | K61: =K62 -> 157.5 | L61: =L62 -> 134.3
A62: Расходы на выплаты персоналу государственных (муниципальных) органов | B62: 65 | C62: 1 | D62: 00 | E62: 41150 | F62: 120 | J62: =J63 -> 254 | K62: =K63 -> 157.5 | L62: =L63 -> 134.3
A63: Общегосударственные вопросы | B63: 65 | C63: 1 | D63: 00 | E63: 41150 | F63: 120 | G63: 01 | J63: =J64 -> 254 | K63: =K64 -> 157.5 | L63: =L64 -> 134.3
A64: Функционирование высшего должностного лица субъекта Российской Федерации и муниципального образования | B64: 65 | C64: 1 | D64: 00 | E64: 41150 | F64: 120 | G64: 01 | H64: 02 | J64: =J65 -> 254 | K64: =K65 -> 157.5 | L64: =L65 -> 134.3
A65: Администрация Паевского сельского поселения Кадошкинского муниципального района Республики Мордовия | B65: 65 | C65: 1 | D65: 00 | E65: 41150 | F65: 120 | G65: 01 | H65: 02 | I65: 918 | J65: ='Прил 2'!J15 -> 254 | K65: ='Прил 2'!K15 -> 157.5 | L65: ='Прил 2'!L15 -> 134.3
A66: Субсидии на софинансирование расходных обязательств по финансовому обеспечению деятельности органов местного самоуправления и муниципальных учреждений | B66: 65 | C66: 1 | D66: 00 | E66: 44205 | J66: =J67 -> 150 | K66: =K67 -> 0 | L66: =L67 -> 0
A67: Расходы на выплаты персоналу в целях обеспечения выполнения функций государственными (муниципальными) органами, казенными учреждениями, органами управления государственными внебюджетными фондами | B67: 65 | C67: 1 | D67: 00 | E67: 44205 | F67: 100 | J67: =J68 -> 150 | K67: =K68 -> 0 | L67: =L68 -> 0
A68: Расходы на выплаты персоналу государственных (муниципальных) органов | B68: 65 | C68: 1 | D68: 00 | E68: 44205 | F68: 120 | J68: =J69 -> 150 | K68: =K69 -> 0 | L68: =L69 -> 0
A69: Общегосударственные вопросы | B69: 65 | C69: 1 | D69: 00 | E69: 44205 | F69: 120 | G69: 01 | J69: =J70 -> 150 | K69: =K70 -> 0 | L69: =L70 -> 0
A70: Функционирование высшего должностного лица субъекта Российской Федерации и муниципального образования | B70: 65 | C70: 1 | D70: 00 | E70: 44205 | F70: 120 | G70: 01 | H70: 02 | J70: =J71 -> 150 | K70: =K71 -> 0 | L70: =L71 -> 0
A71: Администрация Паевского сельского поселения Кадошкинского муниципального района Республики Мордовия | B71: 65 | C71: 1 | D71: 00 | E71: 44205 | F71: 120 | G71: 01 | H71: 02 | I71: 918 | J71: ='Прил 2'!J18 -> 150 | K71: ='Прил 2'!K18 -> 0 | L71: ='Прил 2'!L18 -> 0
A72: Непрограммные расходы в рамках обеспечения деятельности администрации | B72: 65 | C72: 2 | J72: =J73+J79+J94 -> 720.14 | K72: =K73+K79 -> 283.5 | L72: =L73+L79 -> 244.6
A73: Расходы на выплаты по оплате труда работников органов местного самоуправления | B73: 65 | C73: 2 | D73: 00 | E73: 41110 | J73: =J74 -> 291.6 | K73: =K76 -> 220.4 | L73: =L76 -> 190.2
A74: Расходы на выплаты персоналу в целях обеспечения выполнения функций государственными (муниципальными) органами, казенными учреждениями, органами управления государственными внебюджетными фондами | B74: 65 | C74: 2 | D74: 00 | E74: 41110 | F74: 100 | J74: =J75 -> 291.6 | K74: =K75 -> 220.4 | L74: =L75 -> 190.2
A75: Расходы на выплаты персоналу государственных (муниципальных) органов | B75: 65 | C75: 2 | D75: 00 | E75: 41110 | F75: 120 | J75: =J76 -> 291.6 | K75: =K76 -> 220.4 | L75: =L76 -> 190.2
A76: Общегосударственные вопросы | B76: 65 | C76: 2 | D76: 00 | E76: 41110 | F76: 120 | G76: 01 | J76: =J77 -> 291.6 | K76: =K77 -> 220.4 | L76: =L77 -> 190.2
A77: Функционирование Правительства Российской Федерации, высших органов исполнительной власти субъектов Российской Федерации, местных администраций | B77: 65 | C77: 2 | D77: 00 | E77: 41110 | F77: 120 | G77: 01 | H77: 04 | J77: =J78 -> 291.6 | K77: =K78 -> 220.4 | L77: =L78 -> 190.2
A78: Администрация Паевского сельского поселения Кадошкинского муниципального района Республики Мордовия | B78: 65 | C78: 2 | D78: 00 | E78: 41110 | F78: 120 | G78: 01 | H78: 04 | I78: 918 | J78: ='Прил 2'!J24 -> 291.6 | K78: ='Прил 2'!K24 -> 220.4 | L78: ='Прил 2'!L24 -> 190.2
A79: Расходы на обеспечение функций органов местного самоуправленя | B79: 65 | C79: 2 | D79: 00 | E79: 41120 | J79: =J82+J85 -> 174.5 | K79: =K82+K85 -> 63.1 | L79: =L82+L85 -> 54.4
A80: Закупка товаров, работ и услуг для обеспечения государственных (муниципальных) нужд | B80: 65 | C80: 2 | D80: 00 | E80: 41120 | F80: 200 | J80: =J81 -> 144.5 | K80: =K81 -> 37.3 | L80: =L81 -> 28.6
A81: Иные закупки товаров, работ и услуг для обеспечения государственных (муниципальных) нужд | B81: 65 | C81: 2 | D81: 00 | E81: 41120 | F81: 240 | J81: =J82 -> 144.5 | K81: =K82 -> 37.3 | L81: =L82 -> 28.6
A82: Общегосударственные вопросы | B82: 65 | C82: 2 | D82: 00 | E82: 41120 | F82: 240 | G82: 01 | J82: =J83 -> 144.5 | K82: =K83 -> 37.3 | L82: =L83 -> 28.6
A83: Функционирование Правительства Российской Федерации, высших органов исполнительной власти субъектов Российской Федерации, местных администраций | B83: 65 | C83: 2 | D83: 00 | E83: 41120 | F83: 240 | G83: 01 | H83: 04 | J83: =J84 -> 144.5 | K83: =K84 -> 37.3 | L83: =L84 -> 28.6
A84: Администрация Паевского сельского поселения Кадошкинского муниципального района Республики Мордовия | B84: 65 | C84: 2 | D84: 00 | E84: 41120 | F84: 240 | G84: 01 | H84: 04 | I84: 918 | J84: ='Прил 2'!J26 -> 144.5 | K84: ='Прил 2'!K26 -> 37.3 | L84: ='Прил 2'!L26 -> 28.6
A85: Закупка товаров, работ и услуг для обеспечения государственных (муниципальных) нужд | B85: 65 | C85: 2 | D85: 00 | E85: 41120 | F85: 800 | J85: =J90+J86 -> 30 | K85: =K90 -> 25.8 | L85: =L90 -> 25.8
A86: Исполнение судебных актов | B86: 65 | C86: 2 | D86: 00 | E86: 41120 | F86: 830 | J86: =J87 -> 1 | K86: =K87 -> 0 | L86: =L87 -> 0
A87: Общегосударственные вопросы | B87: 65 | C87: 2 | D87: 00 | E87: 41120 | F87: 830 | G87: 01 | J87: =J88 -> 1 | K87: =K88 -> 0 | L87: =L88 -> 0
A88: Функционирование Правительства Российской Федерации, высших органов исполнительной власти субъектов Российской Федерации, местных администраций | B88: 65 | C88: 2 | D88: 00 | E88: 41120 | F88: 830 | G88: 01 | H88: 04 | J88: =J89 -> 1 | K88: =K89 -> 0 | L88: =L89 -> 0
A89: Администрация Паевского сельского поселения Кадошкинского муниципального района Республики Мордовия | B89: 65 | C89: 2 | D89: 00 | E89: 41120 | F89: 830 | G89: 01 | H89: 04 | I89: 918 | J89: ='Прил 2'!J29 -> 1 | K89: ='Прил 2'!K29 -> 0 | L89: ='Прил 2'!L29 -> 0
A90: Иные закупки товаров, работ и услуг для обеспечения государственных (муниципальных) нужд | B90: 65 | C90: 2 | D90: 00 | E90: 41120 | F90: 850 | J90: =J91 -> 29 | K90: =K91 -> 25.8 | L90: =L91 -> 25.8
A91: Общегосударственные вопросы | B91: 65 | C91: 2 | D91: 00 | E91: 41120 | F91: 850 | G91: 01 | J91: =J92 -> 29 | K91: =K92 -> 25.8 | L91: =L92 -> 25.8
A92: Функционирование Правительства Российской Федерации, высших органов исполнительной власти субъектов Российской Федерации, местных администраций | B92: 65 | C92: 2 | D92: 00 | E92: 41120 | F92: 850 | G92: 01 | H92: 04 | J92: =J93 -> 29 | K92: =K93 -> 25.8 | L92: =L93 -> 25.8
A93: Администрация Паевского сельского поселения Кадошкинского муниципального района Республики Мордовия | B93: 65 | C93: 2 | D93: 00 | E93: 41120 | F93: 850 | G93: 01 | H93: 04 | I93: 918 | J93: ='Прил 2'!J30 -> 29 | K93: ='Прил 2'!K28 -> 25.8 | L93: ='Прил 2'!L28 -> 25.8
A94: Субсидии на софинансирование расходных обязательств по финансовому обеспечению деятельности органов местного самоуправления и муниципальных учреждений | B94: 65 | C94: 2 | D94: 00 | E94: 44205 | J94: =J95 -> 254.04 | K94: =K95 -> 0 | L94: =L95 -> 0
A95: Расходы на выплаты персоналу в целях обеспечения выполнения функций государственными (муниципальными) органами, казенными учреждениями, органами управления государственными внебюджетными фондами | B95: 65 | C95: 2 | D95: 00 | E95: 44205 | F95: 100 | J95: =J96 -> 254.04 | K95: =K96 -> 0 | L95: =L96 -> 0
A96: Расходы на выплаты персоналу государственных (муниципальных) органов | B96: 65 | C96: 2 | D96: 00 | E96: 44205 | F96: 120 | J96: =J97 -> 254.04 | K96: =K97 -> 0 | L96: =L97 -> 0
A97: Общегосударственные вопросы | B97: 65 | C97: 2 | D97: 00 | E97: 44205 | F97: 120 | G97: 01 | J97: =J98 -> 254.04 | K97: =K98 -> 0 | L97: =L98 -> 0
A98: Функционирование Правительства Российской Федерации, высших органов исполнительной власти субъектов Российской Федерации, местных администраций | B98: 65 | C98: 2 | D98: 00 | E98: 44205 | F98: 120 | G98: 01 | H98: 04 | J98: =J99 -> 254.04 | K98: =K99 -> 0 | L98: =L99 -> 0
A99: Администрация Паевского сельского поселения Кадошкинского муниципального района Республики Мордовия | B99: 65 | C99: 2 | D99: 00 | E99: 44205 | F99: 120 | G99: 01 | H99: 04 | I99: 918 | J99: ='Прил 2'!J33 -> 254.04 | K99: ='Прил 2'!K33 -> 0 | L99: ='Прил 2'!L33 -> 0
A100: Непрограммные расходы главных распорядителей средств бюджета Паевского сельского поселения Кадошкинского муниципального района Республики Мордовия | B100: 89 | J100: =J101 -> 468.23718 | K100: =K101 -> 280.9 | L100: =L101 -> 335.7
...

Sheet Прил 5
C1: Приложение 5 к решению Совета депутатов Паевского сельского поселения "О бюджете Паевского сельского поселения Кадошкинского муниципального района Республики Мордовия на 2023 год и на плановый период 2024 и 2025 годов"
A2: ИСТОЧНИКИ ВНУТРЕННЕГО ФИНАНСИРОВАНИЯ ДЕФИЦИТА БЮДЖЕТА ПАЕВСКОГО СЕЛЬСКОГО ПОСЕЛЕНИЯ КАДОШКИНСКОГО МУНИЦИПАЛЬНОГО РАЙОНА РЕСПУБЛИКИ МОРДОВИЯ НА 2023 ГОД И НА ПЛАНОВЫЙ ПЕРИОД 2024 И 2025 ГОДОВ
E3: (тыс.руб.)
A4: Код | B4: Наименование кода группы, подгруппы, статьи, вида источника финансирования дефицитов бюджетов, кода классификации операций сектора государственного управления, относящихся к источникам финансирования дефицитов бюджетов Российской Федерации | C4: Сумма (тыс. руб.)
C5: 2023 год | D5: 2024 год | E5: 2025 год
A6: 000 01 00 00 00 00 0000 000 | B6: ИСТОЧНИКИ ВНУТРЕННЕГО ФИНАНСИРОВАНИЯ ДЕФИЦИТОВ БЮДЖЕТОВ | C6: =C7+C10+C14 -> 55.87718 | D6: =D7+D10+D14 -> -70.38 | E6: =E7+E10+E14 -> -93.78
A7: 000 01 02 00 00 00 0000 000 | B7: Кредиты кредитных организаций в валюте Российской Федерации | C7: =SUM(C8) -> 0 | D7: =SUM(D8) -> 0 | E7: =SUM(E8) -> 0
A8: 000 01 02 00 00 00 0000 700 | B8: Получение кредитов от кредитных организаций в валюте Российской Федерации | C8: =SUM(C9) -> 0 | D8: =SUM(D9) -> 0 | E8: =SUM(E9) -> 0
A9: 000 01 02 00 00 10 0000 710 | B9: Получение кредитов от кредитных организаций бюджетами сельских поселений в валюте Российской Федерации | C9: 0 | D9: 0 | E9: 0
A10: 000 01 03 00 00 00 0000 000 | B10: Бюджетные кредиты из других бюджетов бюджетной системы Российской Федерации | C10: =C11 -> -70.4 | D10: =D11 -> -70.4 | E10: =E11 -> -93.8
A11: 000 01 03 01 00 00 0000 800 | B11: Погашение бюджетных кредитов, полученных из других бюджетов бюджетной системы Российской Федерации в валюте Российской Федерации | C11: =C12 -> -70.4 | D11: =D12 -> -70.4 | E11: =E12 -> -93.8
A12: 000 01 03 01 00 10 0000 800 | B12: Погашение бюджетных кредитов, полученных из других бюджетов бюджетной системы Российской Федерации в валюте Российской Федерации | C12: =SUM(C13) -> -70.4 | D12: =SUM(D13) -> -70.4 | E12: =SUM(E13) -> -93.8
A13: 000 01 03 01 00 10 0000 810 | B13: Погашение бюджетами сельских поселений кредитов из других бюджетов бюджетной системы Российской Федерации в валюте Российской Федерации | C13: ='Прил 6'!C15 -> -70.4 | D13: ='Прил 6'!D15 -> -70.4 | E13: ='Прил 6'!E15 -> -93.8
A14: 000 01 05 00 00 00 0000 000 | B14: Изменение остатков средств на счетах по учету средств бюджетов | C14: =C15+C18 -> 126.27718 | D14: =D15+D18 -> 0.02 | E14: =E15+E18 -> 0.02
A15: 000 01 05 02 00 00 0000 500 | B15: Увеличение прочих остатков средств бюджетов | C15: =SUM(C16) -> -2016.8 | D15: =SUM(D16) -> -1178.98 | E15: =SUM(E16) -> -1209.48
A16: 000 01 05 02 01 00 0000 510 | B16: Увеличение прочих остатков денежных средств бюджетов | C16: =SUM(C17) -> -2016.8 | D16: =SUM(D17) -> -1178.98 | E16: =SUM(E17) -> -1209.48
A17: 000 01 05 02 01 10 0000 510 | B17: Увеличение прочих остатков денежных средств бюджетов сельских поселений | C17: =-('Прил 1'!C7+C9) -> -2016.8 | D17: =-('Прил 1'!D7+D9) -> -1178.98 | E17: =-('Прил 1'!E7+E9) -> -1209.48
A18: 000 01 05 02 00 00 0000 600 | B18: Уменьшение прочих остатков средств бюджетов | C18: =C19 -> 2143.0772 | D18: =D19 -> 1179 | E18: =E19 -> 1209.5
A19: 000 01 05 02 01 00 0000 610 | B19: Уменьшение прочих остатков денежных средств бюджетов | C19: =C20 -> 2143.0772 | D19: =D20 -> 1179 | E19: =E20 -> 1209.5
A20: 000 01 05 02 01 10 0000 610 | B20: Уменьшение прочих остатков денежных средств бюджетов сельских поселений | C20: ='Прил 2'!J7-C13 -> 2143.0772 | D20: ='Прил 2'!K7-D13 -> 1179 | E20: ='Прил 2'!L7-E13 -> 1209.5

Sheet Прил 6
C1: Приложение 6 к решению Совета депутатов Паевского сельского поселения "О бюджете Паевского сельского поселения Кадошкинского муниципального района Республики Мордовия на 20223год и на плановый период 2024 и 2025 годов"
A2: ПРОГРАММА МУНИЦИПАЛЬНЫХ ВНУТРЕННИХ ЗАИМСТВОВАНИЙ ПАЕВСКОГО СЕЛЬСКОГО ПОСЕЛЕНИЯ КАДОШКИНСКОГО МУНИЦИПАЛЬНОГО РАЙОНА РЕСПУБЛИКИ МОРДОВИЯ НА 2023 ГОД И НА ПЛАНОВЫЙ ПЕРИОД 2024 И 2025 ГОДОВ
A5: № п/п | B5: Виды заимствований | C5: Сумма (тыс.руб.)
C6: 2023 год | D6: 2024 год | E6: 2025 год
A7: 1 | B7: 2 | C7: 3 | D7: 4 | E7: 5
A8: I | B8: Кредиты кредитных организаций в валюте Российской Федерации | C8: =C10 -> 0 | D8: =D10 -> 0 | E8: =E10 -> 0
B9: в том числе:
A10: 1 | B10: Объем привлечения
A11: 2 | B11: Объем средств, напрвляемых на погашение основной суммы долга
A12: II | B12: Бюджетные кредиты от других бюджетов бюджетной системы Российской Федерации | C12: =C15 -> -70.4 | D12: =D15 -> -70.4 | E12: =E15 -> -93.8
B13: в том числе
A14: 1 | B14: Объем привлечения
A15: 2 | B15: Объем средств, напрвляемых на погашение основной суммы долга | C15: -70.4 | D15: -70.4 | E15: -93.8
B16: ВСЕГО | C16: =C10+C15 -> -70.4 | D16: =D10+D15 -> -70.4 | E16: =E10+E15 -> -93.8
